Workbook

Sheet 集計シート
B1: 【各種集計】 | F1: すべてのシートにおいて、列の追加や削除、シート名変更はしないでください。計算式が崩れます。 ※「集計シート」で入力する場所は「目標粗利」「休日日数」のみです。他に直接の入力はしないでください。 | AA1: → 月末のみ手入力 | AB1: =TODAY() -> 46228 | AD1: =DAY(AB1) -> 25
A2: 目標粗利 | B2: 3000000 | F2: ←半角数字入力 | H2: 達成率 | I2: =AH17 -> 0 | K2: 粗利 | L2: =AG13 -> 0 | O2: 予想着地 | Q2: =(L2/AD1)*(AC2-Y2) -> 0 | T2: 進捗 | U2: =Q2/B2 -> 0 | X2: 休日 日数 | Y2: 0 | Z2: ←半角数字 | AB2: 稼働日数 | AC2: =DAY(EOMONTH(B3,0)) -> 31 | AD2: 予定稼働日数 | AE2: =AC2-Y2 -> 31 | AF2: ←自動。入力不可 | AI2: =TEXT(AF9,"d") -> 31
A3: 日付 | B3: 46235 | C3: =IF(B3<>"",IF(DAY(B3+1)=1,"",B3+1)) -> 46236 | D3: =IF(C3<>"",IF(DAY(C3+1)=1,"",C3+1)) -> 46237 | E3: =IF(D3<>"",IF(DAY(D3+1)=1,"",D3+1)) -> 46238 | F3: =IF(E3<>"",IF(DAY(E3+1)=1,"",E3+1)) -> 46239 | G3: =IF(F3<>"",IF(DAY(F3+1)=1,"",F3+1)) -> 46240 | H3: =IF(G3<>"",IF(DAY(G3+1)=1,"",G3+1)) -> 46241 | I3: =IF(H3<>"",IF(DAY(H3+1)=1,"",H3+1)) -> 46242 | J3: =IF(I3<>"",IF(DAY(I3+1)=1,"",I3+1)) -> 46243 | ... AF3: =IF(AE3<>"",IF(DAY(AE3+1)=1,"",AE3+1)) -> 46265
A4: 曜日 | B4: =TEXT(B3,"(aaa)") -> (土) | C4: =TEXT(C3,"(aaa)") -> (日) | D4: =TEXT(D3,"(aaa)") -> (月) | E4: =TEXT(E3,"(aaa)") -> (火) | F4: =TEXT(F3,"(aaa)") -> (水) | G4: =TEXT(G3,"(aaa)") -> (木) | H4: =TEXT(H3,"(aaa)") -> (金) | I4: =TEXT(I3,"(aaa)") -> (土) | ... AF4: =TEXT(AF3,"(aaa)") -> (月)
A5: 天気(午前) | B5: =来店数・天気・気温・スタッフ別接客数!$I4 -> 0 | C5: =来店数・天気・気温・スタッフ別接客数!$I5 -> 0 | D5: =来店数・天気・気温・スタッフ別接客数!$I6 -> 0 | E5: =来店数・天気・気温・スタッフ別接客数!$I7 -> 0 | F5: =来店数・天気・気温・スタッフ別接客数!$I8 -> 0 | G5: =来店数・天気・気温・スタッフ別接客数!$I9 -> 0 | H5: =来店数・天気・気温・スタッフ別接客数!$I10 -> 0 | I5: =来店数・天気・気温・スタッフ別接客数!$I11 -> 0 | J5: =来店数・天気・気温・スタッフ別接客数!$I12 -> 0 | K5: =来店数・天気・気温・スタッフ別接客数!$I13 -> 0 | L5: =来店数・天気・気温・スタッフ別接客数!$I14 -> 0 | M5: =来店数・天気・気温・スタッフ別接客数!$I15 -> 0 | N5: =来店数・天気・気温・スタッフ別接客数!$I16 -> 0 | O5: =来店数・天気・気温・スタッフ別接客数!$I17 -> 0 | P5: =来店数・天気・気温・スタッフ別接客数!$I18 -> 0 | Q5: =来店数・天気・気温・スタッフ別接客数!$I19 -> 0 | R5: =来店数・天気・気温・スタッフ別接客数!$I20 -> 0 | S5: =来店数・天気・気温・スタッフ別接客数!$I21 -> 0 | T5: =来店数・天気・気温・スタッフ別接客数!$I22 -> 0 | U5: =来店数・天気・気温・スタッフ別接客数!$I23 -> 0 | V5: =来店数・天気・気温・スタッフ別接客数!$I24 -> 0 | W5: =来店数・天気・気温・スタッフ別接客数!$I25 -> 0 | X5: =来店数・天気・気温・スタッフ別接客数!$I26 -> 0 | Y5: =来店数・天気・気温・スタッフ別接客数!$I27 -> 0 | Z5: =来店数・天気・気温・スタッフ別接客数!$I28 -> 0 | AA5: =来店数・天気・気温・スタッフ別接客数!$I29 -> 0 | AB5: =来店数・天気・気温・スタッフ別接客数!$I30 -> 0 | AC5: =来店数・天気・気温・スタッフ別接客数!$I31 -> 0 | AD5: =来店数・天気・気温・スタッフ別接客数!$I32 -> 0 | AE5: =来店数・天気・気温・スタッフ別接客数!$I33 -> 0 | AF5: =来店数・天気・気温・スタッフ別接客数!$I34 -> 0
A6: 天気(午後) | B6: =来店数・天気・気温・スタッフ別接客数!$J4 -> 0 | C6: =来店数・天気・気温・スタッフ別接客数!$J5 -> 0 | D6: =来店数・天気・気温・スタッフ別接客数!$J6 -> 0 | E6: =来店数・天気・気温・スタッフ別接客数!$J7 -> 0 | F6: =来店数・天気・気温・スタッフ別接客数!$J8 -> 0 | G6: =来店数・天気・気温・スタッフ別接客数!$J9 -> 0 | H6: =来店数・天気・気温・スタッフ別接客数!$J10 -> 0 | I6: =来店数・天気・気温・スタッフ別接客数!$J11 -> 0 | J6: =来店数・天気・気温・スタッフ別接客数!$J12 -> 0 | K6: =来店数・天気・気温・スタッフ別接客数!$J13 -> 0 | L6: =来店数・天気・気温・スタッフ別接客数!$J14 -> 0 | M6: =来店数・天気・気温・スタッフ別接客数!$J15 -> 0 | N6: =来店数・天気・気温・スタッフ別接客数!$J16 -> 0 | O6: =来店数・天気・気温・スタッフ別接客数!$J17 -> 0 | P6: =来店数・天気・気温・スタッフ別接客数!$J18 -> 0 | Q6: =来店数・天気・気温・スタッフ別接客数!$J19 -> 0 | R6: =来店数・天気・気温・スタッフ別接客数!$J20 -> 0 | S6: =来店数・天気・気温・スタッフ別接客数!$J21 -> 0 | T6: =来店数・天気・気温・スタッフ別接客数!$J22 -> 0 | U6: =来店数・天気・気温・スタッフ別接客数!$J23 -> 0 | V6: =来店数・天気・気温・スタッフ別接客数!$J24 -> 0 | W6: =来店数・天気・気温・スタッフ別接客数!$J25 -> 0 | X6: =来店数・天気・気温・スタッフ別接客数!$J26 -> 0 | Y6: =来店数・天気・気温・スタッフ別接客数!$J27 -> 0 | Z6: =来店数・天気・気温・スタッフ別接客数!$J28 -> 0 | AA6: =来店数・天気・気温・スタッフ別接客数!$J29 -> 0 | AB6: =来店数・天気・気温・スタッフ別接客数!$J30 -> 0 | AC6: =来店数・天気・気温・スタッフ別接客数!$J31 -> 0 | AD6: =来店数・天気・気温・スタッフ別接客数!$J32 -> 0 | AE6: =来店数・天気・気温・スタッフ別接客数!$J33 -> 0 | AF6: =来店数・天気・気温・スタッフ別接客数!$J34 -> 0
A7: 気温(最高) | B7: =来店数・天気・気温・スタッフ別接客数!$K4 -> 0 | C7: =来店数・天気・気温・スタッフ別接客数!$K5 -> 0 | D7: =来店数・天気・気温・スタッフ別接客数!$K6 -> 0 | E7: =来店数・天気・気温・スタッフ別接客数!$K7 -> 0 | F7: =来店数・天気・気温・スタッフ別接客数!$K8 -> 0 | G7: =来店数・天気・気温・スタッフ別接客数!$K9 -> 0 | H7: =来店数・天気・気温・スタッフ別接客数!$K10 -> 0 | I7: =来店数・天気・気温・スタッフ別接客数!$K11 -> 0 | J7: =来店数・天気・気温・スタッフ別接客数!$K12 -> 0 | K7: =来店数・天気・気温・スタッフ別接客数!$K13 -> 0 | L7: =来店数・天気・気温・スタッフ別接客数!$K14 -> 0 | M7: =来店数・天気・気温・スタッフ別接客数!$K15 -> 0 | N7: =来店数・天気・気温・スタッフ別接客数!$K16 -> 0 | O7: =来店数・天気・気温・スタッフ別接客数!$K17 -> 0 | P7: =来店数・天気・気温・スタッフ別接客数!$K18 -> 0 | Q7: =来店数・天気・気温・スタッフ別接客数!$K19 -> 0 | R7: =来店数・天気・気温・スタッフ別接客数!$K20 -> 0 | S7: =来店数・天気・気温・スタッフ別接客数!$K21 -> 0 | T7: =来店数・天気・気温・スタッフ別接客数!$K22 -> 0 | U7: =来店数・天気・気温・スタッフ別接客数!$K23 -> 0 | V7: =来店数・天気・気温・スタッフ別接客数!$K24 -> 0 | W7: =来店数・天気・気温・スタッフ別接客数!$K25 -> 0 | X7: =来店数・天気・気温・スタッフ別接客数!$K26 -> 0 | Y7: =来店数・天気・気温・スタッフ別接客数!$K27 -> 0 | Z7: =来店数・天気・気温・スタッフ別接客数!$K28 -> 0 | AA7: =来店数・天気・気温・スタッフ別接客数!$K29 -> 0 | AB7: =来店数・天気・気温・スタッフ別接客数!$K30 -> 0 | AC7: =来店数・天気・気温・スタッフ別接客数!$K31 -> 0 | AD7: =来店数・天気・気温・スタッフ別接客数!$K32 -> 0 | AE7: =来店数・天気・気温・スタッフ別接客数!$K33 -> 0 | AF7: =来店数・天気・気温・スタッフ別接客数!$K34 -> 0
A8: 気温(最低) | B8: =来店数・天気・気温・スタッフ別接客数!$L4 -> 0 | C8: =来店数・天気・気温・スタッフ別接客数!$L5 -> 0 | D8: =来店数・天気・気温・スタッフ別接客数!$L6 -> 0 | E8: =来店数・天気・気温・スタッフ別接客数!$L7 -> 0 | F8: =来店数・天気・気温・スタッフ別接客数!$L8 -> 0 | G8: =来店数・天気・気温・スタッフ別接客数!$L9 -> 0 | H8: =来店数・天気・気温・スタッフ別接客数!$L10 -> 0 | I8: =来店数・天気・気温・スタッフ別接客数!$L11 -> 0 | J8: =来店数・天気・気温・スタッフ別接客数!$L12 -> 0 | K8: =来店数・天気・気温・スタッフ別接客数!$L13 -> 0 | L8: =来店数・天気・気温・スタッフ別接客数!$L14 -> 0 | M8: =来店数・天気・気温・スタッフ別接客数!$L15 -> 0 | N8: =来店数・天気・気温・スタッフ別接客数!$L16 -> 0 | O8: =来店数・天気・気温・スタッフ別接客数!$L17 -> 0 | P8: =来店数・天気・気温・スタッフ別接客数!$L18 -> 0 | Q8: =来店数・天気・気温・スタッフ別接客数!$L19 -> 0 | R8: =来店数・天気・気温・スタッフ別接客数!$L20 -> 0 | S8: =来店数・天気・気温・スタッフ別接客数!$L21 -> 0 | T8: =来店数・天気・気温・スタッフ別接客数!$L22 -> 0 | U8: =来店数・天気・気温・スタッフ別接客数!$L23 -> 0 | V8: =来店数・天気・気温・スタッフ別接客数!$L24 -> 0 | W8: =来店数・天気・気温・スタッフ別接客数!$L25 -> 0 | X8: =来店数・天気・気温・スタッフ別接客数!$L26 -> 0 | Y8: =来店数・天気・気温・スタッフ別接客数!$L27 -> 0 | Z8: =来店数・天気・気温・スタッフ別接客数!$L28 -> 0 | AA8: =来店数・天気・気温・スタッフ別接客数!$L29 -> 0 | AB8: =来店数・天気・気温・スタッフ別接客数!$L30 -> 0 | AC8: =来店数・天気・気温・スタッフ別接客数!$L31 -> 0 | AD8: =来店数・天気・気温・スタッフ別接客数!$L32 -> 0 | AE8: =来店数・天気・気温・スタッフ別接客数!$L33 -> 0 | AF8: =来店数・天気・気温・スタッフ別接客数!$L34 -> 0
A9: 日付 | B9: =B3 -> 46235 | C9: =C3 -> 46236 | D9: =D3 -> 46237 | E9: =E3 -> 46238 | F9: =F3 -> 46239 | G9: =G3 -> 46240 | H9: =H3 -> 46241 | I9: =I3 -> 46242 | ... AF9: =AF3 -> 46265
A10: 曜日 | B10: =B4 -> (土) | C10: =C4 -> (日) | D10: =D4 -> (月) | E10: =E4 -> (火) | F10: =F4 -> (水) | G10: =G4 -> (木) | H10: =H4 -> (金) | I10: =I4 -> (土) | ... AF10: =AF4 -> (月) | AG10: 累計 | AH10: 目標粗利
A11: 売上 | B11: =B12+B13 -> 0 | C11: =C12+C13 -> 0 | D11: =D12+D13 -> 0 | E11: =E12+E13 -> 0 | F11: =F12+F13 -> 0 | G11: =G12+G13 -> 0 | H11: =H12+H13 -> 0 | I11: =I12+I13 -> 0 | ... AG11: =AG12+AG13 -> 0
A12: 買取金額 | B12: =SUMIFS(日計表!$T$5:$T$2004,日計表!$B$5:$B$2004,集計シート!B3) -> 0 | C12: =SUMIFS(日計表!$T$5:$T$2004,日計表!$B$5:$B$2004,集計シート!C3) -> 0 | D12: =SUMIFS(日計表!$T$5:$T$2004,日計表!$B$5:$B$2004,集計シート!D3) -> 0 | E12: =SUMIFS(日計表!$T$5:$T$2004,日計表!$B$5:$B$2004,集計シート!E3) -> 0 | F12: =SUMIFS(日計表!$T$5:$T$2004,日計表!$B$5:$B$2004,集計シート!F3) -> 0 | G12: =SUMIFS(日計表!$T$5:$T$2004,日計表!$B$5:$B$2004,集計シート!G3) -> 0 | H12: =SUMIFS(日計表!$T$5:$T$2004,日計表!$B$5:$B$2004,集計シート!H3) -> 0 | I12: =SUMIFS(日計表!$T$5:$T$2004,日計表!$B$5:$B$2004,集計シート!I3) -> 0 | ... AF12: =SUMIFS(日計表!$T$5:$T$2004,日計表!$B$5:$B$2004,集計シート!AF3) -> 0 | AG12: =SUM(B12:AF12) -> 0
A13: 粗利 | B13: =SUMIFS(日計表!$V$5:$V$2004,日計表!$B$5:$B$2004,集計シート!B3) -> 0 | C13: =SUMIFS(日計表!$V$5:$V$2004,日計表!$B$5:$B$2004,集計シート!C3) -> 0 | D13: =SUMIFS(日計表!$V$5:$V$2004,日計表!$B$5:$B$2004,集計シート!D3) -> 0 | E13: =SUMIFS(日計表!$V$5:$V$2004,日計表!$B$5:$B$2004,集計シート!E3) -> 0 | F13: =SUMIFS(日計表!$V$5:$V$2004,日計表!$B$5:$B$2004,集計シート!F3) -> 0 | G13: =SUMIFS(日計表!$V$5:$V$2004,日計表!$B$5:$B$2004,集計シート!G3) -> 0 | H13: =SUMIFS(日計表!$V$5:$V$2004,日計表!$B$5:$B$2004,集計シート!H3) -> 0 | I13: =SUMIFS(日計表!$V$5:$V$2004,日計表!$B$5:$B$2004,集計シート!I3) -> 0 | ... AF13: =SUMIFS(日計表!$V$5:$V$2004,日計表!$B$5:$B$2004,集計シート!AF3) -> 0 | AG13: =SUM(B13:AF13) -> 0 | AH13: =B2 -> 3000000
A14: 粗利率 | B14: =IF(ISERROR(B13/B11),0,B13/B11) -> 0 | C14: =IF(ISERROR(C13/C11),0,C13/C11) -> 0 | D14: =IF(ISERROR(D13/D11),0,D13/D11) -> 0 | E14: =IF(ISERROR(E13/E11),0,E13/E11) -> 0 | F14: =IF(ISERROR(F13/F11),0,F13/F11) -> 0 | G14: =IF(ISERROR(G13/G11),0,G13/G11) -> 0 | H14: =IF(ISERROR(H13/H11),0,H13/H11) -> 0 | I14: =IF(ISERROR(I13/I11),0,I13/I11) -> 0 | ... AG14: =IF(ISERROR(AG13/AG11),0,AG13/AG11) -> 0
A15: 粗利単価 | B15: =B13/B17 -> #DIV/0! | C15: =C13/C17 -> #DIV/0! | D15: =D13/D17 -> #DIV/0! | E15: =E13/E17 -> #DIV/0! | F15: =F13/F17 -> #DIV/0! | G15: =G13/G17 -> #DIV/0! | H15: =H13/H17 -> #DIV/0! | I15: =I13/I17 -> #DIV/0! | ... AG15: =AG13/AG17 -> #DIV/0!
A16: 来店数 | B16: =来店数・天気・気温・スタッフ別接客数!$H4 -> 0 | C16: =来店数・天気・気温・スタッフ別接客数!$H5 -> 0 | D16: =来店数・天気・気温・スタッフ別接客数!$H6 -> 0 | E16: =来店数・天気・気温・スタッフ別接客数!$H7 -> 0 | F16: =来店数・天気・気温・スタッフ別接客数!$H8 -> 0 | G16: =来店数・天気・気温・スタッフ別接客数!$H9 -> 0 | H16: =来店数・天気・気温・スタッフ別接客数!$H10 -> 0 | I16: =来店数・天気・気温・スタッフ別接客数!$H11 -> 0 | J16: =来店数・天気・気温・スタッフ別接客数!$H12 -> 0 | K16: =来店数・天気・気温・スタッフ別接客数!$H13 -> 0 | L16: =来店数・天気・気温・スタッフ別接客数!$H14 -> 0 | M16: =来店数・天気・気温・スタッフ別接客数!$H15 -> 0 | N16: =来店数・天気・気温・スタッフ別接客数!$H16 -> 0 | O16: =来店数・天気・気温・スタッフ別接客数!$H17 -> 0 | P16: =来店数・天気・気温・スタッフ別接客数!$H18 -> 0 | Q16: =来店数・天気・気温・スタッフ別接客数!$H19 -> 0 | R16: =来店数・天気・気温・スタッフ別接客数!$H20 -> 0 | S16: =来店数・天気・気温・スタッフ別接客数!$H21 -> 0 | T16: =来店数・天気・気温・スタッフ別接客数!$H22 -> 0 | U16: =来店数・天気・気温・スタッフ別接客数!$H23 -> 0 | V16: =来店数・天気・気温・スタッフ別接客数!$H24 -> 0 | W16: =来店数・天気・気温・スタッフ別接客数!$H25 -> 0 | X16: =来店数・天気・気温・スタッフ別接客数!$H26 -> 0 | Y16: =来店数・天気・気温・スタッフ別接客数!$H27 -> 0 | Z16: =来店数・天気・気温・スタッフ別接客数!$H28 -> 0 | AA16: =来店数・天気・気温・スタッフ別接客数!$H29 -> 0 | AB16: =来店数・天気・気温・スタッフ別接客数!$H30 -> 0 | AC16: =来店数・天気・気温・スタッフ別接客数!$H31 -> 0 | AD16: =来店数・天気・気温・スタッフ別接客数!$H32 -> 0 | AE16: =来店数・天気・気温・スタッフ別接客数!$H33 -> 0 | AF16: =来店数・天気・気温・スタッフ別接客数!$H34 -> 0 | AG16: =SUM(B16:AF16) -> 0 | AH16: 達成率
A17: 成約数 | B17: =来店数・天気・気温・スタッフ別接客数!$C4 -> 0 | C17: =来店数・天気・気温・スタッフ別接客数!$C5 -> 0 | D17: =来店数・天気・気温・スタッフ別接客数!$C6 -> 0 | E17: =来店数・天気・気温・スタッフ別接客数!$C7 -> 0 | F17: =来店数・天気・気温・スタッフ別接客数!$C8 -> 0 | G17: =来店数・天気・気温・スタッフ別接客数!$C9 -> 0 | H17: =来店数・天気・気温・スタッフ別接客数!$C10 -> 0 | I17: =来店数・天気・気温・スタッフ別接客数!$C11 -> 0 | J17: =来店数・天気・気温・スタッフ別接客数!$C12 -> 0 | K17: =来店数・天気・気温・スタッフ別接客数!$C13 -> 0 | L17: =来店数・天気・気温・スタッフ別接客数!$C14 -> 0 | M17: =来店数・天気・気温・スタッフ別接客数!$C15 -> 0 | N17: =来店数・天気・気温・スタッフ別接客数!$C16 -> 0 | O17: =来店数・天気・気温・スタッフ別接客数!$C17 -> 0 | P17: =来店数・天気・気温・スタッフ別接客数!$C18 -> 0 | Q17: =来店数・天気・気温・スタッフ別接客数!$C19 -> 0 | R17: =来店数・天気・気温・スタッフ別接客数!$C20 -> 0 | S17: =来店数・天気・気温・スタッフ別接客数!$C21 -> 0 | T17: =来店数・天気・気温・スタッフ別接客数!$C22 -> 0 | U17: =来店数・天気・気温・スタッフ別接客数!$C23 -> 0 | V17: =来店数・天気・気温・スタッフ別接客数!$C24 -> 0 | W17: =来店数・天気・気温・スタッフ別接客数!$C25 -> 0 | X17: =来店数・天気・気温・スタッフ別接客数!$C26 -> 0 | Y17: =来店数・天気・気温・スタッフ別接客数!$C27 -> 0 | Z17: =来店数・天気・気温・スタッフ別接客数!$C28 -> 0 | AA17: =来店数・天気・気温・スタッフ別接客数!$C29 -> 0 | AB17: =来店数・天気・気温・スタッフ別接客数!$C30 -> 0 | AC17: =来店数・天気・気温・スタッフ別接客数!$C31 -> 0 | AD17: =来店数・天気・気温・スタッフ別接客数!$C32 -> 0 | AE17: =来店数・天気・気温・スタッフ別接客数!$C33 -> 0 | AF17: =来店数・天気・気温・スタッフ別接客数!$C34 -> 0 | AG17: =SUM(B17:AF17) -> 0 | AH17: =AG13/AH13 -> 0
A18: 成約率 | B18: =IF(ISERROR(B17/B16),0,B17/B16) -> 0 | C18: =IF(ISERROR(C17/C16),0,C17/C16) -> 0 | D18: =IF(ISERROR(D17/D16),0,D17/D16) -> 0 | E18: =IF(ISERROR(E17/E16),0,E17/E16) -> 0 | F18: =IF(ISERROR(F17/F16),0,F17/F16) -> 0 | G18: =IF(ISERROR(G17/G16),0,G17/G16) -> 0 | H18: =IF(ISERROR(H17/H16),0,H17/H16) -> 0 | I18: =IF(ISERROR(I17/I16),0,I17/I16) -> 0 | ... AG18: =IF(ISERROR(AG17/AG16),0,AG17/AG16) -> 0
A19: 媒体 | B19: 来客数 | AG19: 合計
A20: =ドロップダウンリスト!H3 -> 折込チラシ | B20: =COUNTIFS(日計表!$B$5:$B$2004,集計シート!B$3,日計表!$O$5:$O$2004,集計シート!$A20) -> 0 | C20: =COUNTIFS(日計表!$B$5:$B$2004,集計シート!C$3,日計表!$O$5:$O$2004,集計シート!$A20) -> 0 | D20: =COUNTIFS(日計表!$B$5:$B$2004,集計シート!D$3,日計表!$O$5:$O$2004,集計シート!$A20) -> 0 | E20: =COUNTIFS(日計表!$B$5:$B$2004,集計シート!E$3,日計表!$O$5:$O$2004,集計シート!$A20) -> 0 | F20: =COUNTIFS(日計表!$B$5:$B$2004,集計シート!F$3,日計表!$O$5:$O$2004,集計シート!$A20) -> 0 | G20: =COUNTIFS(日計表!$B$5:$B$2004,集計シート!G$3,日計表!$O$5:$O$2004,集計シート!$A20) -> 0 | H20: =COUNTIFS(日計表!$B$5:$B$2004,集計シート!H$3,日計表!$O$5:$O$2004,集計シート!$A20) -> 0 | I20: =COUNTIFS(日計表!$B$5:$B$2004,集計シート!I$3,日計表!$O$5:$O$2004,集計シート!$A20) -> 0 | ... AF20: =COUNTIFS(日計表!$B$5:$B$2004,集計シート!AF$3,日計表!$O$5:$O$2004,集計シート!$A20) -> 0 | AG20: =SUM(B20:AF20) -> 0
A21: =ドロップダウンリスト!H4 -> ポスティング | B21: =COUNTIFS(日計表!$B$5:$B$2004,集計シート!B$3,日計表!$O$5:$O$2004,集計シート!$A21) -> 0 | C21: =COUNTIFS(日計表!$B$5:$B$2004,集計シート!C$3,日計表!$O$5:$O$2004,集計シート!$A21) -> 0 | D21: =COUNTIFS(日計表!$B$5:$B$2004,集計シート!D$3,日計表!$O$5:$O$2004,集計シート!$A21) -> 0 | E21: =COUNTIFS(日計表!$B$5:$B$2004,集計シート!E$3,日計表!$O$5:$O$2004,集計シート!$A21) -> 0 | F21: =COUNTIFS(日計表!$B$5:$B$2004,集計シート!F$3,日計表!$O$5:$O$2004,集計シート!$A21) -> 0 | G21: =COUNTIFS(日計表!$B$5:$B$2004,集計シート!G$3,日計表!$O$5:$O$2004,集計シート!$A21) -> 0 | H21: =COUNTIFS(日計表!$B$5:$B$2004,集計シート!H$3,日計表!$O$5:$O$2004,集計シート!$A21) -> 0 | I21: =COUNTIFS(日計表!$B$5:$B$2004,集計シート!I$3,日計表!$O$5:$O$2004,集計シート!$A21) -> 0 | ... AF21: =COUNTIFS(日計表!$B$5:$B$2004,集計シート!AF$3,日計表!$O$5:$O$2004,集計シート!$A21) -> 0 | AG21: =SUM(B21:AF21) -> 0
A22: =ドロップダウンリスト!H5 -> 新聞広告 | B22: =COUNTIFS(日計表!$B$5:$B$2004,集計シート!B$3,日計表!$O$5:$O$2004,集計シート!$A22) -> 0 | C22: =COUNTIFS(日計表!$B$5:$B$2004,集計シート!C$3,日計表!$O$5:$O$2004,集計シート!$A22) -> 0 | D22: =COUNTIFS(日計表!$B$5:$B$2004,集計シート!D$3,日計表!$O$5:$O$2004,集計シート!$A22) -> 0 | E22: =COUNTIFS(日計表!$B$5:$B$2004,集計シート!E$3,日計表!$O$5:$O$2004,集計シート!$A22) -> 0 | F22: =COUNTIFS(日計表!$B$5:$B$2004,集計シート!F$3,日計表!$O$5:$O$2004,集計シート!$A22) -> 0 | G22: =COUNTIFS(日計表!$B$5:$B$2004,集計シート!G$3,日計表!$O$5:$O$2004,集計シート!$A22) -> 0 | H22: =COUNTIFS(日計表!$B$5:$B$2004,集計シート!H$3,日計表!$O$5:$O$2004,集計シート!$A22) -> 0 | I22: =COUNTIFS(日計表!$B$5:$B$2004,集計シート!I$3,日計表!$O$5:$O$2004,集計シート!$A22) -> 0 | ... AF22: =COUNTIFS(日計表!$B$5:$B$2004,集計シート!AF$3,日計表!$O$5:$O$2004,集計シート!$A22) -> 0 | AG22: =SUM(B22:AF22) -> 0
A23: =ドロップダウンリスト!H6 -> HP(PC) | B23: =COUNTIFS(日計表!$B$5:$B$2004,集計シート!B$3,日計表!$O$5:$O$2004,集計シート!$A23) -> 0 | C23: =COUNTIFS(日計表!$B$5:$B$2004,集計シート!C$3,日計表!$O$5:$O$2004,集計シート!$A23) -> 0 | D23: =COUNTIFS(日計表!$B$5:$B$2004,集計シート!D$3,日計表!$O$5:$O$2004,集計シート!$A23) -> 0 | E23: =COUNTIFS(日計表!$B$5:$B$2004,集計シート!E$3,日計表!$O$5:$O$2004,集計シート!$A23) -> 0 | F23: =COUNTIFS(日計表!$B$5:$B$2004,集計シート!F$3,日計表!$O$5:$O$2004,集計シート!$A23) -> 0 | G23: =COUNTIFS(日計表!$B$5:$B$2004,集計シート!G$3,日計表!$O$5:$O$2004,集計シート!$A23) -> 0 | H23: =COUNTIFS(日計表!$B$5:$B$2004,集計シート!H$3,日計表!$O$5:$O$2004,集計シート!$A23) -> 0 | I23: =COUNTIFS(日計表!$B$5:$B$2004,集計シート!I$3,日計表!$O$5:$O$2004,集計シート!$A23) -> 0 | ... AF23: =COUNTIFS(日計表!$B$5:$B$2004,集計シート!AF$3,日計表!$O$5:$O$2004,集計シート!$A23) -> 0 | AG23: =SUM(B23:AF23) -> 0
A24: =ドロップダウンリスト!H7 -> HP(携帯) | B24: =COUNTIFS(日計表!$B$5:$B$2004,集計シート!B$3,日計表!$O$5:$O$2004,集計シート!$A24) -> 0 | C24: =COUNTIFS(日計表!$B$5:$B$2004,集計シート!C$3,日計表!$O$5:$O$2004,集計シート!$A24) -> 0 | D24: =COUNTIFS(日計表!$B$5:$B$2004,集計シート!D$3,日計表!$O$5:$O$2004,集計シート!$A24) -> 0 | E24: =COUNTIFS(日計表!$B$5:$B$2004,集計シート!E$3,日計表!$O$5:$O$2004,集計シート!$A24) -> 0 | F24: =COUNTIFS(日計表!$B$5:$B$2004,集計シート!F$3,日計表!$O$5:$O$2004,集計シート!$A24) -> 0 | G24: =COUNTIFS(日計表!$B$5:$B$2004,集計シート!G$3,日計表!$O$5:$O$2004,集計シート!$A24) -> 0 | H24: =COUNTIFS(日計表!$B$5:$B$2004,集計シート!H$3,日計表!$O$5:$O$2004,集計シート!$A24) -> 0 | I24: =COUNTIFS(日計表!$B$5:$B$2004,集計シート!I$3,日計表!$O$5:$O$2004,集計シート!$A24) -> 0 | ... AF24: =COUNTIFS(日計表!$B$5:$B$2004,集計シート!AF$3,日計表!$O$5:$O$2004,集計シート!$A24) -> 0 | AG24: =SUM(B24:AF24) -> 0
A25: =ドロップダウンリスト!H8 -> リピーター | B25: =COUNTIFS(日計表!$B$5:$B$2004,集計シート!B$3,日計表!$O$5:$O$2004,集計シート!$A25) -> 0 | C25: =COUNTIFS(日計表!$B$5:$B$2004,集計シート!C$3,日計表!$O$5:$O$2004,集計シート!$A25) -> 0 | D25: =COUNTIFS(日計表!$B$5:$B$2004,集計シート!D$3,日計表!$O$5:$O$2004,集計シート!$A25) -> 0 | E25: =COUNTIFS(日計表!$B$5:$B$2004,集計シート!E$3,日計表!$O$5:$O$2004,集計シート!$A25) -> 0 | F25: =COUNTIFS(日計表!$B$5:$B$2004,集計シート!F$3,日計表!$O$5:$O$2004,集計シート!$A25) -> 0 | G25: =COUNTIFS(日計表!$B$5:$B$2004,集計シート!G$3,日計表!$O$5:$O$2004,集計シート!$A25) -> 0 | H25: =COUNTIFS(日計表!$B$5:$B$2004,集計シート!H$3,日計表!$O$5:$O$2004,集計シート!$A25) -> 0 | I25: =COUNTIFS(日計表!$B$5:$B$2004,集計シート!I$3,日計表!$O$5:$O$2004,集計シート!$A25) -> 0 | ... AF25: =COUNTIFS(日計表!$B$5:$B$2004,集計シート!AF$3,日計表!$O$5:$O$2004,集計シート!$A25) -> 0 | AG25: =SUM(B25:AF25) -> 0
A26: =ドロップダウンリスト!H9 -> 看板(店頭) | B26: =COUNTIFS(日計表!$B$5:$B$2004,集計シート!B$3,日計表!$O$5:$O$2004,集計シート!$A26) -> 0 | C26: =COUNTIFS(日計表!$B$5:$B$2004,集計シート!C$3,日計表!$O$5:$O$2004,集計シート!$A26) -> 0 | D26: =COUNTIFS(日計表!$B$5:$B$2004,集計シート!D$3,日計表!$O$5:$O$2004,集計シート!$A26) -> 0 | E26: =COUNTIFS(日計表!$B$5:$B$2004,集計シート!E$3,日計表!$O$5:$O$2004,集計シート!$A26) -> 0 | F26: =COUNTIFS(日計表!$B$5:$B$2004,集計シート!F$3,日計表!$O$5:$O$2004,集計シート!$A26) -> 0 | G26: =COUNTIFS(日計表!$B$5:$B$2004,集計シート!G$3,日計表!$O$5:$O$2004,集計シート!$A26) -> 0 | H26: =COUNTIFS(日計表!$B$5:$B$2004,集計シート!H$3,日計表!$O$5:$O$2004,集計シート!$A26) -> 0 | I26: =COUNTIFS(日計表!$B$5:$B$2004,集計シート!I$3,日計表!$O$5:$O$2004,集計シート!$A26) -> 0 | ... AF26: =COUNTIFS(日計表!$B$5:$B$2004,集計シート!AF$3,日計表!$O$5:$O$2004,集計シート!$A26) -> 0 | AG26: =SUM(B26:AF26) -> 0
A27: =ドロップダウンリスト!H10 -> 看板(駅前等) | B27: =COUNTIFS(日計表!$B$5:$B$2004,集計シート!B$3,日計表!$O$5:$O$2004,集計シート!$A27) -> 0 | C27: =COUNTIFS(日計表!$B$5:$B$2004,集計シート!C$3,日計表!$O$5:$O$2004,集計シート!$A27) -> 0 | D27: =COUNTIFS(日計表!$B$5:$B$2004,集計シート!D$3,日計表!$O$5:$O$2004,集計シート!$A27) -> 0 | E27: =COUNTIFS(日計表!$B$5:$B$2004,集計シート!E$3,日計表!$O$5:$O$2004,集計シート!$A27) -> 0 | F27: =COUNTIFS(日計表!$B$5:$B$2004,集計シート!F$3,日計表!$O$5:$O$2004,集計シート!$A27) -> 0 | G27: =COUNTIFS(日計表!$B$5:$B$2004,集計シート!G$3,日計表!$O$5:$O$2004,集計シート!$A27) -> 0 | H27: =COUNTIFS(日計表!$B$5:$B$2004,集計シート!H$3,日計表!$O$5:$O$2004,集計シート!$A27) -> 0 | I27: =COUNTIFS(日計表!$B$5:$B$2004,集計シート!I$3,日計表!$O$5:$O$2004,集計シート!$A27) -> 0 | ... AF27: =COUNTIFS(日計表!$B$5:$B$2004,集計シート!AF$3,日計表!$O$5:$O$2004,集計シート!$A27) -> 0 | AG27: =SUM(B27:AF27) -> 0
A28: =ドロップダウンリスト!H11 -> ティッシュ | B28: =COUNTIFS(日計表!$B$5:$B$2004,集計シート!B$3,日計表!$O$5:$O$2004,集計シート!$A28) -> 0 | C28: =COUNTIFS(日計表!$B$5:$B$2004,集計シート!C$3,日計表!$O$5:$O$2004,集計シート!$A28) -> 0 | D28: =COUNTIFS(日計表!$B$5:$B$2004,集計シート!D$3,日計表!$O$5:$O$2004,集計シート!$A28) -> 0 | E28: =COUNTIFS(日計表!$B$5:$B$2004,集計シート!E$3,日計表!$O$5:$O$2004,集計シート!$A28) -> 0 | F28: =COUNTIFS(日計表!$B$5:$B$2004,集計シート!F$3,日計表!$O$5:$O$2004,集計シート!$A28) -> 0 | G28: =COUNTIFS(日計表!$B$5:$B$2004,集計シート!G$3,日計表!$O$5:$O$2004,集計シート!$A28) -> 0 | H28: =COUNTIFS(日計表!$B$5:$B$2004,集計シート!H$3,日計表!$O$5:$O$2004,集計シート!$A28) -> 0 | I28: =COUNTIFS(日計表!$B$5:$B$2004,集計シート!I$3,日計表!$O$5:$O$2004,集計シート!$A28) -> 0 | ... AF28: =COUNTIFS(日計表!$B$5:$B$2004,集計シート!AF$3,日計表!$O$5:$O$2004,集計シート!$A28) -> 0 | AG28: =SUM(B28:AF28) -> 0
A29: =ドロップダウンリスト!H12 -> 紹介 | B29: =COUNTIFS(日計表!$B$5:$B$2004,集計シート!B$3,日計表!$O$5:$O$2004,集計シート!$A29) -> 0 | C29: =COUNTIFS(日計表!$B$5:$B$2004,集計シート!C$3,日計表!$O$5:$O$2004,集計シート!$A29) -> 0 | D29: =COUNTIFS(日計表!$B$5:$B$2004,集計シート!D$3,日計表!$O$5:$O$2004,集計シート!$A29) -> 0 | E29: =COUNTIFS(日計表!$B$5:$B$2004,集計シート!E$3,日計表!$O$5:$O$2004,集計シート!$A29) -> 0 | F29: =COUNTIFS(日計表!$B$5:$B$2004,集計シート!F$3,日計表!$O$5:$O$2004,集計シート!$A29) -> 0 | G29: =COUNTIFS(日計表!$B$5:$B$2004,集計シート!G$3,日計表!$O$5:$O$2004,集計シート!$A29) -> 0 | H29: =COUNTIFS(日計表!$B$5:$B$2004,集計シート!H$3,日計表!$O$5:$O$2004,集計シート!$A29) -> 0 | I29: =COUNTIFS(日計表!$B$5:$B$2004,集計シート!I$3,日計表!$O$5:$O$2004,集計シート!$A29) -> 0 | ... AF29: =COUNTIFS(日計表!$B$5:$B$2004,集計シート!AF$3,日計表!$O$5:$O$2004,集計シート!$A29) -> 0 | AG29: =SUM(B29:AF29) -> 0
A30: =ドロップダウンリスト!H13 -> テレビ(CM) | B30: =COUNTIFS(日計表!$B$5:$B$2004,集計シート!B$3,日計表!$O$5:$O$2004,集計シート!$A30) -> 0 | C30: =COUNTIFS(日計表!$B$5:$B$2004,集計シート!C$3,日計表!$O$5:$O$2004,集計シート!$A30) -> 0 | D30: =COUNTIFS(日計表!$B$5:$B$2004,集計シート!D$3,日計表!$O$5:$O$2004,集計シート!$A30) -> 0 | E30: =COUNTIFS(日計表!$B$5:$B$2004,集計シート!E$3,日計表!$O$5:$O$2004,集計シート!$A30) -> 0 | F30: =COUNTIFS(日計表!$B$5:$B$2004,集計シート!F$3,日計表!$O$5:$O$2004,集計シート!$A30) -> 0 | G30: =COUNTIFS(日計表!$B$5:$B$2004,集計シート!G$3,日計表!$O$5:$O$2004,集計シート!$A30) -> 0 | H30: =COUNTIFS(日計表!$B$5:$B$2004,集計シート!H$3,日計表!$O$5:$O$2004,集計シート!$A30) -> 0 | I30: =COUNTIFS(日計表!$B$5:$B$2004,集計シート!I$3,日計表!$O$5:$O$2004,集計シート!$A30) -> 0 | ... AF30: =COUNTIFS(日計表!$B$5:$B$2004,集計シート!AF$3,日計表!$O$5:$O$2004,集計シート!$A30) -> 0 | AG30: =SUM(B30:AF30) -> 0
A31: =ドロップダウンリスト!H14 -> その他 | B31: =COUNTIFS(日計表!$B$5:$B$2004,集計シート!B$3,日計表!$O$5:$O$2004,集計シート!$A31) -> 0 | C31: =COUNTIFS(日計表!$B$5:$B$2004,集計シート!C$3,日計表!$O$5:$O$2004,集計シート!$A31) -> 0 | D31: =COUNTIFS(日計表!$B$5:$B$2004,集計シート!D$3,日計表!$O$5:$O$2004,集計シート!$A31) -> 0 | E31: =COUNTIFS(日計表!$B$5:$B$2004,集計シート!E$3,日計表!$O$5:$O$2004,集計シート!$A31) -> 0 | F31: =COUNTIFS(日計表!$B$5:$B$2004,集計シート!F$3,日計表!$O$5:$O$2004,集計シート!$A31) -> 0 | G31: =COUNTIFS(日計表!$B$5:$B$2004,集計シート!G$3,日計表!$O$5:$O$2004,集計シート!$A31) -> 0 | H31: =COUNTIFS(日計表!$B$5:$B$2004,集計シート!H$3,日計表!$O$5:$O$2004,集計シート!$A31) -> 0 | I31: =COUNTIFS(日計表!$B$5:$B$2004,集計シート!I$3,日計表!$O$5:$O$2004,集計シート!$A31) -> 0 | ... AF31: =COUNTIFS(日計表!$B$5:$B$2004,集計シート!AF$3,日計表!$O$5:$O$2004,集計シート!$A31) -> 0 | AG31: =SUM(B31:AF31) -> 0
... A37: =ドロップダウンリスト!H20 -> 0 | B37: =COUNTIFS(日計表!$B$5:$B$2004,集計シート!B$3,日計表!$O$5:$O$2004,集計シート!$A37) -> 0 | C37: =COUNTIFS(日計表!$B$5:$B$2004,集計シート!C$3,日計表!$O$5:$O$2004,集計シート!$A37) -> 0 | D37: =COUNTIFS(日計表!$B$5:$B$2004,集計シート!D$3,日計表!$O$5:$O$2004,集計シート!$A37) -> 0 | E37: =COUNTIFS(日計表!$B$5:$B$2004,集計シート!E$3,日計表!$O$5:$O$2004,集計シート!$A37) -> 0 | F37: =COUNTIFS(日計表!$B$5:$B$2004,集計シート!F$3,日計表!$O$5:$O$2004,集計シート!$A37) -> 0 | G37: =COUNTIFS(日計表!$B$5:$B$2004,集計シート!G$3,日計表!$O$5:$O$2004,集計シート!$A37) -> 0 | H37: =COUNTIFS(日計表!$B$5:$B$2004,集計シート!H$3,日計表!$O$5:$O$2004,集計シート!$A37) -> 0 | I37: =COUNTIFS(日計表!$B$5:$B$2004,集計シート!I$3,日計表!$O$5:$O$2004,集計シート!$A37) -> 0 | ... AF37: =COUNTIFS(日計表!$B$5:$B$2004,集計シート!AF$3,日計表!$O$5:$O$2004,集計シート!$A37) -> 0 | AG37: =SUM(B37:AF37) -> 0
A39: ジャンル別金額 上から[売上/買取/粗利] | B39: =B3 -> 46235 | C39: =C3 -> 46236 | D39: =D3 -> 46237 | E39: =E3 -> 46238 | F39: =F3 -> 46239 | G39: =G3 -> 46240 | H39: =H3 -> 46241 | I39: =I3 -> 46242 | ... AF39: =AF3 -> 46265 | AG39: 合計 | AH39: 粗利率 | AI39: 構成比
A40: =ドロップダウンリスト!J3 -> 金券(非課税) | B40: =SUMIFS(日計表!$U$5:$U$2004,日計表!$B$5:$B$2004,集計シート!B$3,日計表!$Q$5:$Q$2004,集計シート!$A40) -> 0 | C40: =SUMIFS(日計表!$U$5:$U$2004,日計表!$B$5:$B$2004,集計シート!C$3,日計表!$Q$5:$Q$2004,集計シート!$A40) -> 0 | D40: =SUMIFS(日計表!$U$5:$U$2004,日計表!$B$5:$B$2004,集計シート!D$3,日計表!$Q$5:$Q$2004,集計シート!$A40) -> 0 | E40: =SUMIFS(日計表!$U$5:$U$2004,日計表!$B$5:$B$2004,集計シート!E$3,日計表!$Q$5:$Q$2004,集計シート!$A40) -> 0 | F40: =SUMIFS(日計表!$U$5:$U$2004,日計表!$B$5:$B$2004,集計シート!F$3,日計表!$Q$5:$Q$2004,集計シート!$A40) -> 0 | G40: =SUMIFS(日計表!$U$5:$U$2004,日計表!$B$5:$B$2004,集計シート!G$3,日計表!$Q$5:$Q$2004,集計シート!$A40) -> 0 | H40: =SUMIFS(日計表!$U$5:$U$2004,日計表!$B$5:$B$2004,集計シート!H$3,日計表!$Q$5:$Q$2004,集計シート!$A40) -> 0 | I40: =SUMIFS(日計表!$U$5:$U$2004,日計表!$B$5:$B$2004,集計シート!I$3,日計表!$Q$5:$Q$2004,集計シート!$A40) -> 0 | ... AF40: =SUMIFS(日計表!$U$5:$U$2004,日計表!$B$5:$B$2004,集計シート!AF$3,日計表!$Q$5:$Q$2004,集計シート!$A40) -> 0 | AG40: =SUM(B40:AF40) -> 0 | AH40: =IF(ISERROR(AG42/AG40),0,AG42/AG40) -> 0 | AI40: =AG42/AH$94 -> #DIV/0!
A41: =ドロップダウンリスト!J3 -> 金券(非課税) | B41: =SUMIFS(日計表!$T$5:$T$2004,日計表!$B$5:$B$2004,集計シート!B$3,日計表!$Q$5:$Q$2004,集計シート!$A41) -> 0 | C41: =SUMIFS(日計表!$T$5:$T$2004,日計表!$B$5:$B$2004,集計シート!C$3,日計表!$Q$5:$Q$2004,集計シート!$A41) -> 0 | D41: =SUMIFS(日計表!$T$5:$T$2004,日計表!$B$5:$B$2004,集計シート!D$3,日計表!$Q$5:$Q$2004,集計シート!$A41) -> 0 | E41: =SUMIFS(日計表!$T$5:$T$2004,日計表!$B$5:$B$2004,集計シート!E$3,日計表!$Q$5:$Q$2004,集計シート!$A41) -> 0 | F41: =SUMIFS(日計表!$T$5:$T$2004,日計表!$B$5:$B$2004,集計シート!F$3,日計表!$Q$5:$Q$2004,集計シート!$A41) -> 0 | G41: =SUMIFS(日計表!$T$5:$T$2004,日計表!$B$5:$B$2004,集計シート!G$3,日計表!$Q$5:$Q$2004,集計シート!$A41) -> 0 | H41: =SUMIFS(日計表!$T$5:$T$2004,日計表!$B$5:$B$2004,集計シート!H$3,日計表!$Q$5:$Q$2004,集計シート!$A41) -> 0 | I41: =SUMIFS(日計表!$T$5:$T$2004,日計表!$B$5:$B$2004,集計シート!I$3,日計表!$Q$5:$Q$2004,集計シート!$A41) -> 0 | ... AF41: =SUMIFS(日計表!$T$5:$T$2004,日計表!$B$5:$B$2004,集計シート!AF$3,日計表!$Q$5:$Q$2004,集計シート!$A41) -> 0 | AG41: =SUM(B41:AF41) -> 0
A42: =ドロップダウンリスト!J3 -> 金券(非課税) | B42: =B40-B41 -> 0 | C42: =C40-C41 -> 0 | D42: =D40-D41 -> 0 | E42: =E40-E41 -> 0 | F42: =F40-F41 -> 0 | G42: =G40-G41 -> 0 | H42: =H40-H41 -> 0 | I42: =I40-I41 -> 0 | ... AF42: =AF40-AF41 -> 0 | AG42: =SUM(B42:AF42) -> 0
A43: =ドロップダウンリスト!J4 -> 金券(課税) | B43: =SUMIFS(日計表!$U$5:$U$2004,日計表!$B$5:$B$2004,集計シート!B$3,日計表!$Q$5:$Q$2004,集計シート!$A43) -> 0 | C43: =SUMIFS(日計表!$U$5:$U$2004,日計表!$B$5:$B$2004,集計シート!C$3,日計表!$Q$5:$Q$2004,集計シート!$A43) -> 0 | D43: =SUMIFS(日計表!$U$5:$U$2004,日計表!$B$5:$B$2004,集計シート!D$3,日計表!$Q$5:$Q$2004,集計シート!$A43) -> 0 | E43: =SUMIFS(日計表!$U$5:$U$2004,日計表!$B$5:$B$2004,集計シート!E$3,日計表!$Q$5:$Q$2004,集計シート!$A43) -> 0 | F43: =SUMIFS(日計表!$U$5:$U$2004,日計表!$B$5:$B$2004,集計シート!F$3,日計表!$Q$5:$Q$2004,集計シート!$A43) -> 0 | G43: =SUMIFS(日計表!$U$5:$U$2004,日計表!$B$5:$B$2004,集計シート!G$3,日計表!$Q$5:$Q$2004,集計シート!$A43) -> 0 | H43: =SUMIFS(日計表!$U$5:$U$2004,日計表!$B$5:$B$2004,集計シート!H$3,日計表!$Q$5:$Q$2004,集計シート!$A43) -> 0 | I43: =SUMIFS(日計表!$U$5:$U$2004,日計表!$B$5:$B$2004,集計シート!I$3,日計表!$Q$5:$Q$2004,集計シート!$A43) -> 0 | ... AF43: =SUMIFS(日計表!$U$5:$U$2004,日計表!$B$5:$B$2004,集計シート!AF$3,日計表!$Q$5:$Q$2004,集計シート!$A43) -> 0 | AG43: =SUM(B43:AF43) -> 0 | AH43: =IF(ISERROR(AG45/AG43),0,AG45/AG43) -> 0 | AI43: =AG45/AH$94 -> #DIV/0!
A44: =ドロップダウンリスト!J4 -> 金券(課税) | B44: =SUMIFS(日計表!$T$5:$T$2004,日計表!$B$5:$B$2004,集計シート!B$3,日計表!$Q$5:$Q$2004,集計シート!$A44) -> 0 | C44: =SUMIFS(日計表!$T$5:$T$2004,日計表!$B$5:$B$2004,集計シート!C$3,日計表!$Q$5:$Q$2004,集計シート!$A44) -> 0 | D44: =SUMIFS(日計表!$T$5:$T$2004,日計表!$B$5:$B$2004,集計シート!D$3,日計表!$Q$5:$Q$2004,集計シート!$A44) -> 0 | E44: =SUMIFS(日計表!$T$5:$T$2004,日計表!$B$5:$B$2004,集計シート!E$3,日計表!$Q$5:$Q$2004,集計シート!$A44) -> 0 | F44: =SUMIFS(日計表!$T$5:$T$2004,日計表!$B$5:$B$2004,集計シート!F$3,日計表!$Q$5:$Q$2004,集計シート!$A44) -> 0 | G44: =SUMIFS(日計表!$T$5:$T$2004,日計表!$B$5:$B$2004,集計シート!G$3,日計表!$Q$5:$Q$2004,集計シート!$A44) -> 0 | H44: =SUMIFS(日計表!$T$5:$T$2004,日計表!$B$5:$B$2004,集計シート!H$3,日計表!$Q$5:$Q$2004,集計シート!$A44) -> 0 | I44: =SUMIFS(日計表!$T$5:$T$2004,日計表!$B$5:$B$2004,集計シート!I$3,日計表!$Q$5:$Q$2004,集計シート!$A44) -> 0 | ... AF44: =SUMIFS(日計表!$T$5:$T$2004,日計表!$B$5:$B$2004,集計シート!AF$3,日計表!$Q$5:$Q$2004,集計シート!$A44) -> 0 | AG44: =SUM(B44:AF44) -> 0
A45: =ドロップダウンリスト!J4 -> 金券(課税) | B45: =B43-B44 -> 0 | C45: =C43-C44 -> 0 | D45: =D43-D44 -> 0 | E45: =E43-E44 -> 0 | F45: =F43-F44 -> 0 | G45: =G43-G44 -> 0 | H45: =H43-H44 -> 0 | I45: =I43-I44 -> 0 | ... AF45: =AF43-AF44 -> 0 | AG45: =SUM(B45:AF45) -> 0
A46: =ドロップダウンリスト!J5 -> テレカ | B46: =SUMIFS(日計表!$U$5:$U$2004,日計表!$B$5:$B$2004,集計シート!B$3,日計表!$Q$5:$Q$2004,集計シート!$A46) -> 0 | C46: =SUMIFS(日計表!$U$5:$U$2004,日計表!$B$5:$B$2004,集計シート!C$3,日計表!$Q$5:$Q$2004,集計シート!$A46) -> 0 | D46: =SUMIFS(日計表!$U$5:$U$2004,日計表!$B$5:$B$2004,集計シート!D$3,日計表!$Q$5:$Q$2004,集計シート!$A46) -> 0 | E46: =SUMIFS(日計表!$U$5:$U$2004,日計表!$B$5:$B$2004,集計シート!E$3,日計表!$Q$5:$Q$2004,集計シート!$A46) -> 0 | F46: =SUMIFS(日計表!$U$5:$U$2004,日計表!$B$5:$B$2004,集計シート!F$3,日計表!$Q$5:$Q$2004,集計シート!$A46) -> 0 | G46: =SUMIFS(日計表!$U$5:$U$2004,日計表!$B$5:$B$2004,集計シート!G$3,日計表!$Q$5:$Q$2004,集計シート!$A46) -> 0 | H46: =SUMIFS(日計表!$U$5:$U$2004,日計表!$B$5:$B$2004,集計シート!H$3,日計表!$Q$5:$Q$2004,集計シート!$A46) -> 0 | I46: =SUMIFS(日計表!$U$5:$U$2004,日計表!$B$5:$B$2004,集計シート!I$3,日計表!$Q$5:$Q$2004,集計シート!$A46) -> 0 | ... AF46: =SUMIFS(日計表!$U$5:$U$2004,日計表!$B$5:$B$2004,集計シート!AF$3,日計表!$Q$5:$Q$2004,集計シート!$A46) -> 0 | AG46: =SUM(B46:AF46) -> 0 | AH46: =IF(ISERROR(AG48/AG46),0,AG48/AG46) -> 0 | AI46: =AG48/AH$94 -> #DIV/0!
A47: =ドロップダウンリスト!J5 -> テレカ | B47: =SUMIFS(日計表!$T$5:$T$2004,日計表!$B$5:$B$2004,集計シート!B$3,日計表!$Q$5:$Q$2004,集計シート!$A47) -> 0 | C47: =SUMIFS(日計表!$T$5:$T$2004,日計表!$B$5:$B$2004,集計シート!C$3,日計表!$Q$5:$Q$2004,集計シート!$A47) -> 0 | D47: =SUMIFS(日計表!$T$5:$T$2004,日計表!$B$5:$B$2004,集計シート!D$3,日計表!$Q$5:$Q$2004,集計シート!$A47) -> 0 | E47: =SUMIFS(日計表!$T$5:$T$2004,日計表!$B$5:$B$2004,集計シート!E$3,日計表!$Q$5:$Q$2004,集計シート!$A47) -> 0 | F47: =SUMIFS(日計表!$T$5:$T$2004,日計表!$B$5:$B$2004,集計シート!F$3,日計表!$Q$5:$Q$2004,集計シート!$A47) -> 0 | G47: =SUMIFS(日計表!$T$5:$T$2004,日計表!$B$5:$B$2004,集計シート!G$3,日計表!$Q$5:$Q$2004,集計シート!$A47) -> 0 | H47: =SUMIFS(日計表!$T$5:$T$2004,日計表!$B$5:$B$2004,集計シート!H$3,日計表!$Q$5:$Q$2004,集計シート!$A47) -> 0 | I47: =SUMIFS(日計表!$T$5:$T$2004,日計表!$B$5:$B$2004,集計シート!I$3,日計表!$Q$5:$Q$2004,集計シート!$A47) -> 0 | ... AF47: =SUMIFS(日計表!$T$5:$T$2004,日計表!$B$5:$B$2004,集計シート!AF$3,日計表!$Q$5:$Q$2004,集計シート!$A47) -> 0 | AG47: =SUM(B47:AF47) -> 0
A48: =ドロップダウンリスト!J5 -> テレカ | B48: =B46-B47 -> 0 | C48: =C46-C47 -> 0 | D48: =D46-D47 -> 0 | E48: =E46-E47 -> 0 | F48: =F46-F47 -> 0 | G48: =G46-G47 -> 0 | H48: =H46-H47 -> 0 | I48: =I46-I47 -> 0 | ... AF48: =AF46-AF47 -> 0 | AG48: =SUM(B48:AF48) -> 0
A49: =ドロップダウンリスト!J6 -> 現行銭 | B49: =SUMIFS(日計表!$U$5:$U$2004,日計表!$B$5:$B$2004,集計シート!B$3,日計表!$Q$5:$Q$2004,集計シート!$A49) -> 0 | C49: =SUMIFS(日計表!$U$5:$U$2004,日計表!$B$5:$B$2004,集計シート!C$3,日計表!$Q$5:$Q$2004,集計シート!$A49) -> 0 | D49: =SUMIFS(日計表!$U$5:$U$2004,日計表!$B$5:$B$2004,集計シート!D$3,日計表!$Q$5:$Q$2004,集計シート!$A49) -> 0 | E49: =SUMIFS(日計表!$U$5:$U$2004,日計表!$B$5:$B$2004,集計シート!E$3,日計表!$Q$5:$Q$2004,集計シート!$A49) -> 0 | F49: =SUMIFS(日計表!$U$5:$U$2004,日計表!$B$5:$B$2004,集計シート!F$3,日計表!$Q$5:$Q$2004,集計シート!$A49) -> 0 | G49: =SUMIFS(日計表!$U$5:$U$2004,日計表!$B$5:$B$2004,集計シート!G$3,日計表!$Q$5:$Q$2004,集計シート!$A49) -> 0 | H49: =SUMIFS(日計表!$U$5:$U$2004,日計表!$B$5:$B$2004,集計シート!H$3,日計表!$Q$5:$Q$2004,集計シート!$A49) -> 0 | I49: =SUMIFS(日計表!$U$5:$U$2004,日計表!$B$5:$B$2004,集計シート!I$3,日計表!$Q$5:$Q$2004,集計シート!$A49) -> 0 | ... AF49: =SUMIFS(日計表!$U$5:$U$2004,日計表!$B$5:$B$2004,集計シート!AF$3,日計表!$Q$5:$Q$2004,集計シート!$A49) -> 0 | AG49: =SUM(B49:AF49) -> 0 | AH49: =IF(ISERROR(AG51/AG49),0,AG51/AG49) -> 0 | AI49: =AG51/AH$94 -> #DIV/0!
A50: =ドロップダウンリスト!J6 -> 現行銭 | B50: =SUMIFS(日計表!$T$5:$T$2004,日計表!$B$5:$B$2004,集計シート!B$3,日計表!$Q$5:$Q$2004,集計シート!$A50) -> 0 | C50: =SUMIFS(日計表!$T$5:$T$2004,日計表!$B$5:$B$2004,集計シート!C$3,日計表!$Q$5:$Q$2004,集計シート!$A50) -> 0 | D50: =SUMIFS(日計表!$T$5:$T$2004,日計表!$B$5:$B$2004,集計シート!D$3,日計表!$Q$5:$Q$2004,集計シート!$A50) -> 0 | E50: =SUMIFS(日計表!$T$5:$T$2004,日計表!$B$5:$B$2004,集計シート!E$3,日計表!$Q$5:$Q$2004,集計シート!$A50) -> 0 | F50: =SUMIFS(日計表!$T$5:$T$2004,日計表!$B$5:$B$2004,集計シート!F$3,日計表!$Q$5:$Q$2004,集計シート!$A50) -> 0 | G50: =SUMIFS(日計表!$T$5:$T$2004,日計表!$B$5:$B$2004,集計シート!G$3,日計表!$Q$5:$Q$2004,集計シート!$A50) -> 0 | H50: =SUMIFS(日計表!$T$5:$T$2004,日計表!$B$5:$B$2004,集計シート!H$3,日計表!$Q$5:$Q$2004,集計シート!$A50) -> 0 | I50: =SUMIFS(日計表!$T$5:$T$2004,日計表!$B$5:$B$2004,集計シート!I$3,日計表!$Q$5:$Q$2004,集計シート!$A50) -> 0 | ... AF50: =SUMIFS(日計表!$T$5:$T$2004,日計表!$B$5:$B$2004,集計シート!AF$3,日計表!$Q$5:$Q$2004,集計シート!$A50) -> 0 | AG50: =SUM(B50:AF50) -> 0
A51: =ドロップダウンリスト!J6 -> 現行銭 | B51: =B49-B50 -> 0 | C51: =C49-C50 -> 0 | D51: =D49-D50 -> 0 | E51: =E49-E50 -> 0 | F51: =F49-F50 -> 0 | G51: =G49-G50 -> 0 | H51: =H49-H50 -> 0 | I51: =I49-I50 -> 0 | ... AF51: =AF49-AF50 -> 0 | AG51: =SUM(B51:AF51) -> 0
A52: =ドロップダウンリスト!J7 -> ミント・プルーフセット | B52: =SUMIFS(日計表!$U$5:$U$2004,日計表!$B$5:$B$2004,集計シート!B$3,日計表!$Q$5:$Q$2004,集計シート!$A52) -> 0 | C52: =SUMIFS(日計表!$U$5:$U$2004,日計表!$B$5:$B$2004,集計シート!C$3,日計表!$Q$5:$Q$2004,集計シート!$A52) -> 0 | D52: =SUMIFS(日計表!$U$5:$U$2004,日計表!$B$5:$B$2004,集計シート!D$3,日計表!$Q$5:$Q$2004,集計シート!$A52) -> 0 | E52: =SUMIFS(日計表!$U$5:$U$2004,日計表!$B$5:$B$2004,集計シート!E$3,日計表!$Q$5:$Q$2004,集計シート!$A52) -> 0 | F52: =SUMIFS(日計表!$U$5:$U$2004,日計表!$B$5:$B$2004,集計シート!F$3,日計表!$Q$5:$Q$2004,集計シート!$A52) -> 0 | G52: =SUMIFS(日計表!$U$5:$U$2004,日計表!$B$5:$B$2004,集計シート!G$3,日計表!$Q$5:$Q$2004,集計シート!$A52) -> 0 | H52: =SUMIFS(日計表!$U$5:$U$2004,日計表!$B$5:$B$2004,集計シート!H$3,日計表!$Q$5:$Q$2004,集計シート!$A52) -> 0 | I52: =SUMIFS(日計表!$U$5:$U$2004,日計表!$B$5:$B$2004,集計シート!I$3,日計表!$Q$5:$Q$2004,集計シート!$A52) -> 0 | ... AF52: =SUMIFS(日計表!$U$5:$U$2004,日計表!$B$5:$B$2004,集計シート!AF$3,日計表!$Q$5:$Q$2004,集計シート!$A52) -> 0 | AG52: =SUM(B52:AF52) -> 0 | AH52: =IF(ISERROR(AG54/AG52),0,AG54/AG52) -> 0 | AI52: =AG54/AH$94 -> #DIV/0!
A53: =ドロップダウンリスト!J7 -> ミント・プルーフセット | B53: =SUMIFS(日計表!$T$5:$T$2004,日計表!$B$5:$B$2004,集計シート!B$3,日計表!$Q$5:$Q$2004,集計シート!$A53) -> 0 | C53: =SUMIFS(日計表!$T$5:$T$2004,日計表!$B$5:$B$2004,集計シート!C$3,日計表!$Q$5:$Q$2004,集計シート!$A53) -> 0 | D53: =SUMIFS(日計表!$T$5:$T$2004,日計表!$B$5:$B$2004,集計シート!D$3,日計表!$Q$5:$Q$2004,集計シート!$A53) -> 0 | E53: =SUMIFS(日計表!$T$5:$T$2004,日計表!$B$5:$B$2004,集計シート!E$3,日計表!$Q$5:$Q$2004,集計シート!$A53) -> 0 | F53: =SUMIFS(日計表!$T$5:$T$2004,日計表!$B$5:$B$2004,集計シート!F$3,日計表!$Q$5:$Q$2004,集計シート!$A53) -> 0 | G53: =SUMIFS(日計表!$T$5:$T$2004,日計表!$B$5:$B$2004,集計シート!G$3,日計表!$Q$5:$Q$2004,集計シート!$A53) -> 0 | H53: =SUMIFS(日計表!$T$5:$T$2004,日計表!$B$5:$B$2004,集計シート!H$3,日計表!$Q$5:$Q$2004,集計シート!$A53) -> 0 | I53: =SUMIFS(日計表!$T$5:$T$2004,日計表!$B$5:$B$2004,集計シート!I$3,日計表!$Q$5:$Q$2004,集計シート!$A53) -> 0 | ... AF53: =SUMIFS(日計表!$T$5:$T$2004,日計表!$B$5:$B$2004,集計シート!AF$3,日計表!$Q$5:$Q$2004,集計シート!$A53) -> 0 | AG53: =SUM(B53:AF53) -> 0
A54: =ドロップダウンリスト!J7 -> ミント・プルーフセット | B54: =B52-B53 -> 0 | C54: =C52-C53 -> 0 | D54: =D52-D53 -> 0 | E54: =E52-E53 -> 0 | F54: =F52-F53 -> 0 | G54: =G52-G53 -> 0 | H54: =H52-H53 -> 0 | I54: =I52-I53 -> 0 | ... AF54: =AF52-AF53 -> 0 | AG54: =SUM(B54:AF54) -> 0
A55: =ドロップダウンリスト!J8 -> ブランドバッグ | B55: =SUMIFS(日計表!$U$5:$U$2004,日計表!$B$5:$B$2004,集計シート!B$3,日計表!$Q$5:$Q$2004,集計シート!$A55) -> 0 | C55: =SUMIFS(日計表!$U$5:$U$2004,日計表!$B$5:$B$2004,集計シート!C$3,日計表!$Q$5:$Q$2004,集計シート!$A55) -> 0 | D55: =SUMIFS(日計表!$U$5:$U$2004,日計表!$B$5:$B$2004,集計シート!D$3,日計表!$Q$5:$Q$2004,集計シート!$A55) -> 0 | E55: =SUMIFS(日計表!$U$5:$U$2004,日計表!$B$5:$B$2004,集計シート!E$3,日計表!$Q$5:$Q$2004,集計シート!$A55) -> 0 | F55: =SUMIFS(日計表!$U$5:$U$2004,日計表!$B$5:$B$2004,集計シート!F$3,日計表!$Q$5:$Q$2004,集計シート!$A55) -> 0 | G55: =SUMIFS(日計表!$U$5:$U$2004,日計表!$B$5:$B$2004,集計シート!G$3,日計表!$Q$5:$Q$2004,集計シート!$A55) -> 0 | H55: =SUMIFS(日計表!$U$5:$U$2004,日計表!$B$5:$B$2004,集計シート!H$3,日計表!$Q$5:$Q$2004,集計シート!$A55) -> 0 | I55: =SUMIFS(日計表!$U$5:$U$2004,日計表!$B$5:$B$2004,集計シート!I$3,日計表!$Q$5:$Q$2004,集計シート!$A55) -> 0 | ... AF55: =SUMIFS(日計表!$U$5:$U$2004,日計表!$B$5:$B$2004,集計シート!AF$3,日計表!$Q$5:$Q$2004,集計シート!$A55) -> 0 | AG55: =SUM(B55:AF55) -> 0 | AH55: =IF(ISERROR(AG57/AG55),0,AG57/AG55) -> 0 | AI55: =AG57/AH$94 -> #DIV/0!
A56: =ドロップダウンリスト!J8 -> ブランドバッグ | B56: =SUMIFS(日計表!$T$5:$T$2004,日計表!$B$5:$B$2004,集計シート!B$3,日計表!$Q$5:$Q$2004,集計シート!$A56) -> 0 | C56: =SUMIFS(日計表!$T$5:$T$2004,日計表!$B$5:$B$2004,集計シート!C$3,日計表!$Q$5:$Q$2004,集計シート!$A56) -> 0 | D56: =SUMIFS(日計表!$T$5:$T$2004,日計表!$B$5:$B$2004,集計シート!D$3,日計表!$Q$5:$Q$2004,集計シート!$A56) -> 0 | E56: =SUMIFS(日計表!$T$5:$T$2004,日計表!$B$5:$B$2004,集計シート!E$3,日計表!$Q$5:$Q$2004,集計シート!$A56) -> 0 | F56: =SUMIFS(日計表!$T$5:$T$2004,日計表!$B$5:$B$2004,集計シート!F$3,日計表!$Q$5:$Q$2004,集計シート!$A56) -> 0 | G56: =SUMIFS(日計表!$T$5:$T$2004,日計表!$B$5:$B$2004,集計シート!G$3,日計表!$Q$5:$Q$2004,集計シート!$A56) -> 0 | H56: =SUMIFS(日計表!$T$5:$T$2004,日計表!$B$5:$B$2004,集計シート!H$3,日計表!$Q$5:$Q$2004,集計シート!$A56) -> 0 | I56: =SUMIFS(日計表!$T$5:$T$2004,日計表!$B$5:$B$2004,集計シート!I$3,日計表!$Q$5:$Q$2004,集計シート!$A56) -> 0 | ... AF56: =SUMIFS(日計表!$T$5:$T$2004,日計表!$B$5:$B$2004,集計シート!AF$3,日計表!$Q$5:$Q$2004,集計シート!$A56) -> 0 | AG56: =SUM(B56:AF56) -> 0
A57: =ドロップダウンリスト!J8 -> ブランドバッグ | B57: =B55-B56 -> 0 | C57: =C55-C56 -> 0 | D57: =D55-D56 -> 0 | E57: =E55-E56 -> 0 | F57: =F55-F56 -> 0 | G57: =G55-G56 -> 0 | H57: =H55-H56 -> 0 | I57: =I55-I56 -> 0 | ... AF57: =AF55-AF56 -> 0 | AG57: =SUM(B57:AF57) -> 0
A58: =ドロップダウンリスト!J9 -> ブランド時計 | B58: =SUMIFS(日計表!$U$5:$U$2004,日計表!$B$5:$B$2004,集計シート!B$3,日計表!$Q$5:$Q$2004,集計シート!$A58) -> 0 | C58: =SUMIFS(日計表!$U$5:$U$2004,日計表!$B$5:$B$2004,集計シート!C$3,日計表!$Q$5:$Q$2004,集計シート!$A58) -> 0 | D58: =SUMIFS(日計表!$U$5:$U$2004,日計表!$B$5:$B$2004,集計シート!D$3,日計表!$Q$5:$Q$2004,集計シート!$A58) -> 0 | E58: =SUMIFS(日計表!$U$5:$U$2004,日計表!$B$5:$B$2004,集計シート!E$3,日計表!$Q$5:$Q$2004,集計シート!$A58) -> 0 | F58: =SUMIFS(日計表!$U$5:$U$2004,日計表!$B$5:$B$2004,集計シート!F$3,日計表!$Q$5:$Q$2004,集計シート!$A58) -> 0 | G58: =SUMIFS(日計表!$U$5:$U$2004,日計表!$B$5:$B$2004,集計シート!G$3,日計表!$Q$5:$Q$2004,集計シート!$A58) -> 0 | H58: =SUMIFS(日計表!$U$5:$U$2004,日計表!$B$5:$B$2004,集計シート!H$3,日計表!$Q$5:$Q$2004,集計シート!$A58) -> 0 | I58: =SUMIFS(日計表!$U$5:$U$2004,日計表!$B$5:$B$2004,集計シート!I$3,日計表!$Q$5:$Q$2004,集計シート!$A58) -> 0 | ... AF58: =SUMIFS(日計表!$U$5:$U$2004,日計表!$B$5:$B$2004,集計シート!AF$3,日計表!$Q$5:$Q$2004,集計シート!$A58) -> 0 | AG58: =SUM(B58:AF58) -> 0 | AH58: =IF(ISERROR(AG60/AG58),0,AG60/AG58) -> 0 | AI58: =AG60/AH$94 -> #DIV/0!
A59: =ドロップダウンリスト!J9 -> ブランド時計 | B59: =SUMIFS(日計表!$T$5:$T$2004,日計表!$B$5:$B$2004,集計シート!B$3,日計表!$Q$5:$Q$2004,集計シート!$A59) -> 0 | C59: =SUMIFS(日計表!$T$5:$T$2004,日計表!$B$5:$B$2004,集計シート!C$3,日計表!$Q$5:$Q$2004,集計シート!$A59) -> 0 | D59: =SUMIFS(日計表!$T$5:$T$2004,日計表!$B$5:$B$2004,集計シート!D$3,日計表!$Q$5:$Q$2004,集計シート!$A59) -> 0 | E59: =SUMIFS(日計表!$T$5:$T$2004,日計表!$B$5:$B$2004,集計シート!E$3,日計表!$Q$5:$Q$2004,集計シート!$A59) -> 0 | F59: =SUMIFS(日計表!$T$5:$T$2004,日計表!$B$5:$B$2004,集計シート!F$3,日計表!$Q$5:$Q$2004,集計シート!$A59) -> 0 | G59: =SUMIFS(日計表!$T$5:$T$2004,日計表!$B$5:$B$2004,集計シート!G$3,日計表!$Q$5:$Q$2004,集計シート!$A59) -> 0 | H59: =SUMIFS(日計表!$T$5:$T$2004,日計表!$B$5:$B$2004,集計シート!H$3,日計表!$Q$5:$Q$2004,集計シート!$A59) -> 0 | I59: =SUMIFS(日計表!$T$5:$T$2004,日計表!$B$5:$B$2004,集計シート!I$3,日計表!$Q$5:$Q$2004,集計シート!$A59) -> 0 | ... AF59: =SUMIFS(日計表!$T$5:$T$2004,日計表!$B$5:$B$2004,集計シート!AF$3,日計表!$Q$5:$Q$2004,集計シート!$A59) -> 0 | AG59: =SUM(B59:AF59) -> 0
A60: =ドロップダウンリスト!J9 -> ブランド時計 | B60: =B58-B59 -> 0 | C60: =C58-C59 -> 0 | D60: =D58-D59 -> 0 | E60: =E58-E59 -> 0 | F60: =F58-F59 -> 0 | G60: =G58-G59 -> 0 | H60: =H58-H59 -> 0 | I60: =I58-I59 -> 0 | ... AF60: =AF58-AF59 -> 0 | AG60: =SUM(B60:AF60) -> 0
A61: =ドロップダウンリスト!J10 -> 貴金属製品 | B61: =SUMIFS(日計表!$U$5:$U$2004,日計表!$B$5:$B$2004,集計シート!B$3,日計表!$Q$5:$Q$2004,集計シート!$A61) -> 0 | C61: =SUMIFS(日計表!$U$5:$U$2004,日計表!$B$5:$B$2004,集計シート!C$3,日計表!$Q$5:$Q$2004,集計シート!$A61) -> 0 | D61: =SUMIFS(日計表!$U$5:$U$2004,日計表!$B$5:$B$2004,集計シート!D$3,日計表!$Q$5:$Q$2004,集計シート!$A61) -> 0 | E61: =SUMIFS(日計表!$U$5:$U$2004,日計表!$B$5:$B$2004,集計シート!E$3,日計表!$Q$5:$Q$2004,集計シート!$A61) -> 0 | F61: =SUMIFS(日計表!$U$5:$U$2004,日計表!$B$5:$B$2004,集計シート!F$3,日計表!$Q$5:$Q$2004,集計シート!$A61) -> 0 | G61: =SUMIFS(日計表!$U$5:$U$2004,日計表!$B$5:$B$2004,集計シート!G$3,日計表!$Q$5:$Q$2004,集計シート!$A61) -> 0 | H61: =SUMIFS(日計表!$U$5:$U$2004,日計表!$B$5:$B$2004,集計シート!H$3,日計表!$Q$5:$Q$2004,集計シート!$A61) -> 0 | I61: =SUMIFS(日計表!$U$5:$U$2004,日計表!$B$5:$B$2004,集計シート!I$3,日計表!$Q$5:$Q$2004,集計シート!$A61) -> 0 | ... AF61: =SUMIFS(日計表!$U$5:$U$2004,日計表!$B$5:$B$2004,集計シート!AF$3,日計表!$Q$5:$Q$2004,集計シート!$A61) -> 0 | AG61: =SUM(B61:AF61) -> 0 | AH61: =IF(ISERROR(AG63/AG61),0,AG63/AG61) -> 0 | AI61: =AG63/AH$94 -> #DIV/0!
A62: =ドロップダウンリスト!J10 -> 貴金属製品 | B62: =SUMIFS(日計表!$T$5:$T$2004,日計表!$B$5:$B$2004,集計シート!B$3,日計表!$Q$5:$Q$2004,集計シート!$A62) -> 0 | C62: =SUMIFS(日計表!$T$5:$T$2004,日計表!$B$5:$B$2004,集計シート!C$3,日計表!$Q$5:$Q$2004,集計シート!$A62) -> 0 | D62: =SUMIFS(日計表!$T$5:$T$2004,日計表!$B$5:$B$2004,集計シート!D$3,日計表!$Q$5:$Q$2004,集計シート!$A62) -> 0 | E62: =SUMIFS(日計表!$T$5:$T$2004,日計表!$B$5:$B$2004,集計シート!E$3,日計表!$Q$5:$Q$2004,集計シート!$A62) -> 0 | F62: =SUMIFS(日計表!$T$5:$T$2004,日計表!$B$5:$B$2004,集計シート!F$3,日計表!$Q$5:$Q$2004,集計シート!$A62) -> 0 | G62: =SUMIFS(日計表!$T$5:$T$2004,日計表!$B$5:$B$2004,集計シート!G$3,日計表!$Q$5:$Q$2004,集計シート!$A62) -> 0 | H62: =SUMIFS(日計表!$T$5:$T$2004,日計表!$B$5:$B$2004,集計シート!H$3,日計表!$Q$5:$Q$2004,集計シート!$A62) -> 0 | I62: =SUMIFS(日計表!$T$5:$T$2004,日計表!$B$5:$B$2004,集計シート!I$3,日計表!$Q$5:$Q$2004,集計シート!$A62) -> 0 | ... AF62: =SUMIFS(日計表!$T$5:$T$2004,日計表!$B$5:$B$2004,集計シート!AF$3,日計表!$Q$5:$Q$2004,集計シート!$A62) -> 0 | AG62: =SUM(B62:AF62) -> 0
A63: =ドロップダウンリスト!J10 -> 貴金属製品 | B63: =B61-B62 -> 0 | C63: =C61-C62 -> 0 | D63: =D61-D62 -> 0 | E63: =E61-E62 -> 0 | F63: =F61-F62 -> 0 | G63: =G61-G62 -> 0 | H63: =H61-H62 -> 0 | I63: =I61-I62 -> 0 | ... AF63: =AF61-AF62 -> 0 | AG63: =SUM(B63:AF63) -> 0
A64: =ドロップダウンリスト!J11 -> 刀剣 | B64: =SUMIFS(日計表!$U$5:$U$2004,日計表!$B$5:$B$2004,集計シート!B$3,日計表!$Q$5:$Q$2004,集計シート!$A64) -> 0 | C64: =SUMIFS(日計表!$U$5:$U$2004,日計表!$B$5:$B$2004,集計シート!C$3,日計表!$Q$5:$Q$2004,集計シート!$A64) -> 0 | D64: =SUMIFS(日計表!$U$5:$U$2004,日計表!$B$5:$B$2004,集計シート!D$3,日計表!$Q$5:$Q$2004,集計シート!$A64) -> 0 | E64: =SUMIFS(日計表!$U$5:$U$2004,日計表!$B$5:$B$2004,集計シート!E$3,日計表!$Q$5:$Q$2004,集計シート!$A64) -> 0 | F64: =SUMIFS(日計表!$U$5:$U$2004,日計表!$B$5:$B$2004,集計シート!F$3,日計表!$Q$5:$Q$2004,集計シート!$A64) -> 0 | G64: =SUMIFS(日計表!$U$5:$U$2004,日計表!$B$5:$B$2004,集計シート!G$3,日計表!$Q$5:$Q$2004,集計シート!$A64) -> 0 | H64: =SUMIFS(日計表!$U$5:$U$2004,日計表!$B$5:$B$2004,集計シート!H$3,日計表!$Q$5:$Q$2004,集計シート!$A64) -> 0 | I64: =SUMIFS(日計表!$U$5:$U$2004,日計表!$B$5:$B$2004,集計シート!I$3,日計表!$Q$5:$Q$2004,集計シート!$A64) -> 0 | ... AF64: =SUMIFS(日計表!$U$5:$U$2004,日計表!$B$5:$B$2004,集計シート!AF$3,日計表!$Q$5:$Q$2004,集計シート!$A64) -> 0 | AG64: =SUM(B64:AF64) -> 0 | AH64: =IF(ISERROR(AG66/AG64),0,AG66/AG64) -> 0 | AI64: =AG66/AH$94 -> #DIV/0!
A65: =ドロップダウンリスト!J11 -> 刀剣 | B65: =SUMIFS(日計表!$T$5:$T$2004,日計表!$B$5:$B$2004,集計シート!B$3,日計表!$Q$5:$Q$2004,集計シート!$A65) -> 0 | C65: =SUMIFS(日計表!$T$5:$T$2004,日計表!$B$5:$B$2004,集計シート!C$3,日計表!$Q$5:$Q$2004,集計シート!$A65) -> 0 | D65: =SUMIFS(日計表!$T$5:$T$2004,日計表!$B$5:$B$2004,集計シート!D$3,日計表!$Q$5:$Q$2004,集計シート!$A65) -> 0 | E65: =SUMIFS(日計表!$T$5:$T$2004,日計表!$B$5:$B$2004,集計シート!E$3,日計表!$Q$5:$Q$2004,集計シート!$A65) -> 0 | F65: =SUMIFS(日計表!$T$5:$T$2004,日計表!$B$5:$B$2004,集計シート!F$3,日計表!$Q$5:$Q$2004,集計シート!$A65) -> 0 | G65: =SUMIFS(日計表!$T$5:$T$2004,日計表!$B$5:$B$2004,集計シート!G$3,日計表!$Q$5:$Q$2004,集計シート!$A65) -> 0 | H65: =SUMIFS(日計表!$T$5:$T$2004,日計表!$B$5:$B$2004,集計シート!H$3,日計表!$Q$5:$Q$2004,集計シート!$A65) -> 0 | I65: =SUMIFS(日計表!$T$5:$T$2004,日計表!$B$5:$B$2004,集計シート!I$3,日計表!$Q$5:$Q$2004,集計シート!$A65) -> 0 | ... AF65: =SUMIFS(日計表!$T$5:$T$2004,日計表!$B$5:$B$2004,集計シート!AF$3,日計表!$Q$5:$Q$2004,集計シート!$A65) -> 0 | AG65: =SUM(B65:AF65) -> 0
A66: =ドロップダウンリスト!J11 -> 刀剣 | B66: =B64-B65 -> 0 | C66: =C64-C65 -> 0 | D66: =D64-D65 -> 0 | E66: =E64-E65 -> 0 | F66: =F64-F65 -> 0 | G66: =G64-G65 -> 0 | H66: =H64-H65 -> 0 | I66: =I64-I65 -> 0 | ... AF66: =AF64-AF65 -> 0 | AG66: =SUM(B66:AF66) -> 0
A67: =ドロップダウンリスト!J12 -> 小判 | B67: =SUMIFS(日計表!$U$5:$U$2004,日計表!$B$5:$B$2004,集計シート!B$3,日計表!$Q$5:$Q$2004,集計シート!$A67) -> 0 | C67: =SUMIFS(日計表!$U$5:$U$2004,日計表!$B$5:$B$2004,集計シート!C$3,日計表!$Q$5:$Q$2004,集計シート!$A67) -> 0 | D67: =SUMIFS(日計表!$U$5:$U$2004,日計表!$B$5:$B$2004,集計シート!D$3,日計表!$Q$5:$Q$2004,集計シート!$A67) -> 0 | E67: =SUMIFS(日計表!$U$5:$U$2004,日計表!$B$5:$B$2004,集計シート!E$3,日計表!$Q$5:$Q$2004,集計シート!$A67) -> 0 | F67: =SUMIFS(日計表!$U$5:$U$2004,日計表!$B$5:$B$2004,集計シート!F$3,日計表!$Q$5:$Q$2004,集計シート!$A67) -> 0 | G67: =SUMIFS(日計表!$U$5:$U$2004,日計表!$B$5:$B$2004,集計シート!G$3,日計表!$Q$5:$Q$2004,集計シート!$A67) -> 0 | H67: =SUMIFS(日計表!$U$5:$U$2004,日計表!$B$5:$B$2004,集計シート!H$3,日計表!$Q$5:$Q$2004,集計シート!$A67) -> 0 | I67: =SUMIFS(日計表!$U$5:$U$2004,日計表!$B$5:$B$2004,集計シート!I$3,日計表!$Q$5:$Q$2004,集計シート!$A67) -> 0 | ... AF67: =SUMIFS(日計表!$U$5:$U$2004,日計表!$B$5:$B$2004,集計シート!AF$3,日計表!$Q$5:$Q$2004,集計シート!$A67) -> 0 | AG67: =SUM(B67:AF67) -> 0 | AH67: =IF(ISERROR(AG69/AG67),0,AG69/AG67) -> 0 | AI67: =AG69/AH$94 -> #DIV/0!
A68: =ドロップダウンリスト!J12 -> 小判 | B68: =SUMIFS(日計表!$T$5:$T$2004,日計表!$B$5:$B$2004,集計シート!B$3,日計表!$Q$5:$Q$2004,集計シート!$A68) -> 0 | C68: =SUMIFS(日計表!$T$5:$T$2004,日計表!$B$5:$B$2004,集計シート!C$3,日計表!$Q$5:$Q$2004,集計シート!$A68) -> 0 | D68: =SUMIFS(日計表!$T$5:$T$2004,日計表!$B$5:$B$2004,集計シート!D$3,日計表!$Q$5:$Q$2004,集計シート!$A68) -> 0 | E68: =SUMIFS(日計表!$T$5:$T$2004,日計表!$B$5:$B$2004,集計シート!E$3,日計表!$Q$5:$Q$2004,集計シート!$A68) -> 0 | F68: =SUMIFS(日計表!$T$5:$T$2004,日計表!$B$5:$B$2004,集計シート!F$3,日計表!$Q$5:$Q$2004,集計シート!$A68) -> 0 | G68: =SUMIFS(日計表!$T$5:$T$2004,日計表!$B$5:$B$2004,集計シート!G$3,日計表!$Q$5:$Q$2004,集計シート!$A68) -> 0 | H68: =SUMIFS(日計表!$T$5:$T$2004,日計表!$B$5:$B$2004,集計シート!H$3,日計表!$Q$5:$Q$2004,集計シート!$A68) -> 0 | I68: =SUMIFS(日計表!$T$5:$T$2004,日計表!$B$5:$B$2004,集計シート!I$3,日計表!$Q$5:$Q$2004,集計シート!$A68) -> 0 | ... AF68: =SUMIFS(日計表!$T$5:$T$2004,日計表!$B$5:$B$2004,集計シート!AF$3,日計表!$Q$5:$Q$2004,集計シート!$A68) -> 0 | AG68: =SUM(B68:AF68) -> 0
A69: =ドロップダウンリスト!J12 -> 小判 | B69: =B67-B68 -> 0 | C69: =C67-C68 -> 0 | D69: =D67-D68 -> 0 | E69: =E67-E68 -> 0 | F69: =F67-F68 -> 0 | G69: =G67-G68 -> 0 | H69: =H67-H68 -> 0 | I69: =I67-I68 -> 0 | ... AF69: =AF67-AF68 -> 0 | AG69: =SUM(B69:AF69) -> 0
A70: =ドロップダウンリスト!J13 -> シート切手 | B70: =SUMIFS(日計表!$U$5:$U$2004,日計表!$B$5:$B$2004,集計シート!B$3,日計表!$Q$5:$Q$2004,集計シート!$A70) -> 0 | C70: =SUMIFS(日計表!$U$5:$U$2004,日計表!$B$5:$B$2004,集計シート!C$3,日計表!$Q$5:$Q$2004,集計シート!$A70) -> 0 | D70: =SUMIFS(日計表!$U$5:$U$2004,日計表!$B$5:$B$2004,集計シート!D$3,日計表!$Q$5:$Q$2004,集計シート!$A70) -> 0 | E70: =SUMIFS(日計表!$U$5:$U$2004,日計表!$B$5:$B$2004,集計シート!E$3,日計表!$Q$5:$Q$2004,集計シート!$A70) -> 0 | F70: =SUMIFS(日計表!$U$5:$U$2004,日計表!$B$5:$B$2004,集計シート!F$3,日計表!$Q$5:$Q$2004,集計シート!$A70) -> 0 | G70: =SUMIFS(日計表!$U$5:$U$2004,日計表!$B$5:$B$2004,集計シート!G$3,日計表!$Q$5:$Q$2004,集計シート!$A70) -> 0 | H70: =SUMIFS(日計表!$U$5:$U$2004,日計表!$B$5:$B$2004,集計シート!H$3,日計表!$Q$5:$Q$2004,集計シート!$A70) -> 0 | I70: =SUMIFS(日計表!$U$5:$U$2004,日計表!$B$5:$B$2004,集計シート!I$3,日計表!$Q$5:$Q$2004,集計シート!$A70) -> 0 | ... AF70: =SUMIFS(日計表!$U$5:$U$2004,日計表!$B$5:$B$2004,集計シート!AF$3,日計表!$Q$5:$Q$2004,集計シート!$A70) -> 0 | AG70: =SUM(B70:AF70) -> 0 | AH70: =IF(ISERROR(AG72/AG70),0,AG72/AG70) -> 0 | AI70: =AG72/AH$94 -> #DIV/0!
A71: =ドロップダウンリスト!J13 -> シート切手 | B71: =SUMIFS(日計表!$T$5:$T$2004,日計表!$B$5:$B$2004,集計シート!B$3,日計表!$Q$5:$Q$2004,集計シート!$A71) -> 0 | C71: =SUMIFS(日計表!$T$5:$T$2004,日計表!$B$5:$B$2004,集計シート!C$3,日計表!$Q$5:$Q$2004,集計シート!$A71) -> 0 | D71: =SUMIFS(日計表!$T$5:$T$2004,日計表!$B$5:$B$2004,集計シート!D$3,日計表!$Q$5:$Q$2004,集計シート!$A71) -> 0 | E71: =SUMIFS(日計表!$T$5:$T$2004,日計表!$B$5:$B$2004,集計シート!E$3,日計表!$Q$5:$Q$2004,集計シート!$A71) -> 0 | F71: =SUMIFS(日計表!$T$5:$T$2004,日計表!$B$5:$B$2004,集計シート!F$3,日計表!$Q$5:$Q$2004,集計シート!$A71) -> 0 | G71: =SUMIFS(日計表!$T$5:$T$2004,日計表!$B$5:$B$2004,集計シート!G$3,日計表!$Q$5:$Q$2004,集計シート!$A71) -> 0 | H71: =SUMIFS(日計表!$T$5:$T$2004,日計表!$B$5:$B$2004,集計シート!H$3,日計表!$Q$5:$Q$2004,集計シート!$A71) -> 0 | I71: =SUMIFS(日計表!$T$5:$T$2004,日計表!$B$5:$B$2004,集計シート!I$3,日計表!$Q$5:$Q$2004,集計シート!$A71) -> 0 | ... AF71: =SUMIFS(日計表!$T$5:$T$2004,日計表!$B$5:$B$2004,集計シート!AF$3,日計表!$Q$5:$Q$2004,集計シート!$A71) -> 0 | AG71: =SUM(B71:AF71) -> 0
A72: =ドロップダウンリスト!J13 -> シート切手 | B72: =B70-B71 -> 0 | C72: =C70-C71 -> 0 | D72: =D70-D71 -> 0 | E72: =E70-E71 -> 0 | F72: =F70-F71 -> 0 | G72: =G70-G71 -> 0 | H72: =H70-H71 -> 0 | I72: =I70-I71 -> 0 | ... AF72: =AF70-AF71 -> 0 | AG72: =SUM(B72:AF72) -> 0
A73: =ドロップダウンリスト!J14 -> バラ切手 | B73: =SUMIFS(日計表!$U$5:$U$2004,日計表!$B$5:$B$2004,集計シート!B$3,日計表!$Q$5:$Q$2004,集計シート!$A73) -> 0 | C73: =SUMIFS(日計表!$U$5:$U$2004,日計表!$B$5:$B$2004,集計シート!C$3,日計表!$Q$5:$Q$2004,集計シート!$A73) -> 0 | D73: =SUMIFS(日計表!$U$5:$U$2004,日計表!$B$5:$B$2004,集計シート!D$3,日計表!$Q$5:$Q$2004,集計シート!$A73) -> 0 | E73: =SUMIFS(日計表!$U$5:$U$2004,日計表!$B$5:$B$2004,集計シート!E$3,日計表!$Q$5:$Q$2004,集計シート!$A73) -> 0 | F73: =SUMIFS(日計表!$U$5:$U$2004,日計表!$B$5:$B$2004,集計シート!F$3,日計表!$Q$5:$Q$2004,集計シート!$A73) -> 0 | G73: =SUMIFS(日計表!$U$5:$U$2004,日計表!$B$5:$B$2004,集計シート!G$3,日計表!$Q$5:$Q$2004,集計シート!$A73) -> 0 | H73: =SUMIFS(日計表!$U$5:$U$2004,日計表!$B$5:$B$2004,集計シート!H$3,日計表!$Q$5:$Q$2004,集計シート!$A73) -> 0 | I73: =SUMIFS(日計表!$U$5:$U$2004,日計表!$B$5:$B$2004,集計シート!I$3,日計表!$Q$5:$Q$2004,集計シート!$A73) -> 0 | ... AF73: =SUMIFS(日計表!$U$5:$U$2004,日計表!$B$5:$B$2004,集計シート!AF$3,日計表!$Q$5:$Q$2004,集計シート!$A73) -> 0 | AG73: =SUM(B73:AF73) -> 0 | AH73: =IF(ISERROR(AG75/AG73),0,AG75/AG73) -> 0 | AI73: =AG75/AH$94 -> #DIV/0!
A74: =ドロップダウンリスト!J14 -> バラ切手 | B74: =SUMIFS(日計表!$T$5:$T$2004,日計表!$B$5:$B$2004,集計シート!B$3,日計表!$Q$5:$Q$2004,集計シート!$A74) -> 0 | C74: =SUMIFS(日計表!$T$5:$T$2004,日計表!$B$5:$B$2004,集計シート!C$3,日計表!$Q$5:$Q$2004,集計シート!$A74) -> 0 | D74: =SUMIFS(日計表!$T$5:$T$2004,日計表!$B$5:$B$2004,集計シート!D$3,日計表!$Q$5:$Q$2004,集計シート!$A74) -> 0 | E74: =SUMIFS(日計表!$T$5:$T$2004,日計表!$B$5:$B$2004,集計シート!E$3,日計表!$Q$5:$Q$2004,集計シート!$A74) -> 0 | F74: =SUMIFS(日計表!$T$5:$T$2004,日計表!$B$5:$B$2004,集計シート!F$3,日計表!$Q$5:$Q$2004,集計シート!$A74) -> 0 | G74: =SUMIFS(日計表!$T$5:$T$2004,日計表!$B$5:$B$2004,集計シート!G$3,日計表!$Q$5:$Q$2004,集計シート!$A74) -> 0 | H74: =SUMIFS(日計表!$T$5:$T$2004,日計表!$B$5:$B$2004,集計シート!H$3,日計表!$Q$5:$Q$2004,集計シート!$A74) -> 0 | I74: =SUMIFS(日計表!$T$5:$T$2004,日計表!$B$5:$B$2004,集計シート!I$3,日計表!$Q$5:$Q$2004,集計シート!$A74) -> 0 | ... AF74: =SUMIFS(日計表!$T$5:$T$2004,日計表!$B$5:$B$2004,集計シート!AF$3,日計表!$Q$5:$Q$2004,集計シート!$A74) -> 0 | AG74: =SUM(B74:AF74) -> 0
A75: =ドロップダウンリスト!J14 -> バラ切手 | B75: =B73-B74 -> 0 | C75: =C73-C74 -> 0 | D75: =D73-D74 -> 0 | E75: =E73-E74 -> 0 | F75: =F73-F74 -> 0 | G75: =G73-G74 -> 0 | H75: =H73-H74 -> 0 | I75: =I73-I74 -> 0 | ... AF75: =AF73-AF74 -> 0 | AG75: =SUM(B75:AF75) -> 0
A76: =ドロップダウンリスト!J15 -> 印紙 | B76: =SUMIFS(日計表!$U$5:$U$2004,日計表!$B$5:$B$2004,集計シート!B$3,日計表!$Q$5:$Q$2004,集計シート!$A76) -> 0 | C76: =SUMIFS(日計表!$U$5:$U$2004,日計表!$B$5:$B$2004,集計シート!C$3,日計表!$Q$5:$Q$2004,集計シート!$A76) -> 0 | D76: =SUMIFS(日計表!$U$5:$U$2004,日計表!$B$5:$B$2004,集計シート!D$3,日計表!$Q$5:$Q$2004,集計シート!$A76) -> 0 | E76: =SUMIFS(日計表!$U$5:$U$2004,日計表!$B$5:$B$2004,集計シート!E$3,日計表!$Q$5:$Q$2004,集計シート!$A76) -> 0 | F76: =SUMIFS(日計表!$U$5:$U$2004,日計表!$B$5:$B$2004,集計シート!F$3,日計表!$Q$5:$Q$2004,集計シート!$A76) -> 0 | G76: =SUMIFS(日計表!$U$5:$U$2004,日計表!$B$5:$B$2004,集計シート!G$3,日計表!$Q$5:$Q$2004,集計シート!$A76) -> 0 | H76: =SUMIFS(日計表!$U$5:$U$2004,日計表!$B$5:$B$2004,集計シート!H$3,日計表!$Q$5:$Q$2004,集計シート!$A76) -> 0 | I76: =SUMIFS(日計表!$U$5:$U$2004,日計表!$B$5:$B$2004,集計シート!I$3,日計表!$Q$5:$Q$2004,集計シート!$A76) -> 0 | ... AF76: =SUMIFS(日計表!$U$5:$U$2004,日計表!$B$5:$B$2004,集計シート!AF$3,日計表!$Q$5:$Q$2004,集計シート!$A76) -> 0 | AG76: =SUM(B76:AF76) -> 0 | AH76: =IF(ISERROR(AG78/AG76),0,AG78/AG76) -> 0 | AI76: =AG78/AH$94 -> #DIV/0!
A77: =ドロップダウンリスト!J15 -> 印紙 | B77: =SUMIFS(日計表!$T$5:$T$2004,日計表!$B$5:$B$2004,集計シート!B$3,日計表!$Q$5:$Q$2004,集計シート!$A77) -> 0 | C77: =SUMIFS(日計表!$T$5:$T$2004,日計表!$B$5:$B$2004,集計シート!C$3,日計表!$Q$5:$Q$2004,集計シート!$A77) -> 0 | D77: =SUMIFS(日計表!$T$5:$T$2004,日計表!$B$5:$B$2004,集計シート!D$3,日計表!$Q$5:$Q$2004,集計シート!$A77) -> 0 | E77: =SUMIFS(日計表!$T$5:$T$2004,日計表!$B$5:$B$2004,集計シート!E$3,日計表!$Q$5:$Q$2004,集計シート!$A77) -> 0 | F77: =SUMIFS(日計表!$T$5:$T$2004,日計表!$B$5:$B$2004,集計シート!F$3,日計表!$Q$5:$Q$2004,集計シート!$A77) -> 0 | G77: =SUMIFS(日計表!$T$5:$T$2004,日計表!$B$5:$B$2004,集計シート!G$3,日計表!$Q$5:$Q$2004,集計シート!$A77) -> 0 | H77: =SUMIFS(日計表!$T$5:$T$2004,日計表!$B$5:$B$2004,集計シート!H$3,日計表!$Q$5:$Q$2004,集計シート!$A77) -> 0 | I77: =SUMIFS(日計表!$T$5:$T$2004,日計表!$B$5:$B$2004,集計シート!I$3,日計表!$Q$5:$Q$2004,集計シート!$A77) -> 0 | ... AF77: =SUMIFS(日計表!$T$5:$T$2004,日計表!$B$5:$B$2004,集計シート!AF$3,日計表!$Q$5:$Q$2004,集計シート!$A77) -> 0 | AG77: =SUM(B77:AF77) -> 0
A78: =ドロップダウンリスト!J15 -> 印紙 | B78: =B76-B77 -> 0 | C78: =C76-C77 -> 0 | D78: =D76-D77 -> 0 | E78: =E76-E77 -> 0 | F78: =F76-F77 -> 0 | G78: =G76-G77 -> 0 | H78: =H76-H77 -> 0 | I78: =I76-I77 -> 0 | ... AF78: =AF76-AF77 -> 0 | AG78: =SUM(B78:AF78) -> 0
A79: =ドロップダウンリスト!J16 -> その他アイテム | B79: =SUMIFS(日計表!$U$5:$U$2004,日計表!$B$5:$B$2004,集計シート!B$3,日計表!$Q$5:$Q$2004,集計シート!$A79) -> 0 | C79: =SUMIFS(日計表!$U$5:$U$2004,日計表!$B$5:$B$2004,集計シート!C$3,日計表!$Q$5:$Q$2004,集計シート!$A79) -> 0 | D79: =SUMIFS(日計表!$U$5:$U$2004,日計表!$B$5:$B$2004,集計シート!D$3,日計表!$Q$5:$Q$2004,集計シート!$A79) -> 0 | E79: =SUMIFS(日計表!$U$5:$U$2004,日計表!$B$5:$B$2004,集計シート!E$3,日計表!$Q$5:$Q$2004,集計シート!$A79) -> 0 | F79: =SUMIFS(日計表!$U$5:$U$2004,日計表!$B$5:$B$2004,集計シート!F$3,日計表!$Q$5:$Q$2004,集計シート!$A79) -> 0 | G79: =SUMIFS(日計表!$U$5:$U$2004,日計表!$B$5:$B$2004,集計シート!G$3,日計表!$Q$5:$Q$2004,集計シート!$A79) -> 0 | H79: =SUMIFS(日計表!$U$5:$U$2004,日計表!$B$5:$B$2004,集計シート!H$3,日計表!$Q$5:$Q$2004,集計シート!$A79) -> 0 | I79: =SUMIFS(日計表!$U$5:$U$2004,日計表!$B$5:$B$2004,集計シート!I$3,日計表!$Q$5:$Q$2004,集計シート!$A79) -> 0 | ... AF79: =SUMIFS(日計表!$U$5:$U$2004,日計表!$B$5:$B$2004,集計シート!AF$3,日計表!$Q$5:$Q$2004,集計シート!$A79) -> 0 | AG79: =SUM(B79:AF79) -> 0 | AH79: =IF(ISERROR(AG81/AG79),0,AG81/AG79) -> 0 | AI79: =AG81/AH$94 -> #DIV/0!
A80: =ドロップダウンリスト!J16 -> その他アイテム | B80: =SUMIFS(日計表!$T$5:$T$2004,日計表!$B$5:$B$2004,集計シート!B$3,日計表!$Q$5:$Q$2004,集計シート!$A80) -> 0 | C80: =SUMIFS(日計表!$T$5:$T$2004,日計表!$B$5:$B$2004,集計シート!C$3,日計表!$Q$5:$Q$2004,集計シート!$A80) -> 0 | D80: =SUMIFS(日計表!$T$5:$T$2004,日計表!$B$5:$B$2004,集計シート!D$3,日計表!$Q$5:$Q$2004,集計シート!$A80) -> 0 | E80: =SUMIFS(日計表!$T$5:$T$2004,日計表!$B$5:$B$2004,集計シート!E$3,日計表!$Q$5:$Q$2004,集計シート!$A80) -> 0 | F80: =SUMIFS(日計表!$T$5:$T$2004,日計表!$B$5:$B$2004,集計シート!F$3,日計表!$Q$5:$Q$2004,集計シート!$A80) -> 0 | G80: =SUMIFS(日計表!$T$5:$T$2004,日計表!$B$5:$B$2004,集計シート!G$3,日計表!$Q$5:$Q$2004,集計シート!$A80) -> 0 | H80: =SUMIFS(日計表!$T$5:$T$2004,日計表!$B$5:$B$2004,集計シート!H$3,日計表!$Q$5:$Q$2004,集計シート!$A80) -> 0 | I80: =SUMIFS(日計表!$T$5:$T$2004,日計表!$B$5:$B$2004,集計シート!I$3,日計表!$Q$5:$Q$2004,集計シート!$A80) -> 0 | ... AF80: =SUMIFS(日計表!$T$5:$T$2004,日計表!$B$5:$B$2004,集計シート!AF$3,日計表!$Q$5:$Q$2004,集計シート!$A80) -> 0 | AG80: =SUM(B80:AF80) -> 0
A81: =ドロップダウンリスト!J16 -> その他アイテム | B81: =B79-B80 -> 0 | C81: =C79-C80 -> 0 | D81: =D79-D80 -> 0 | E81: =E79-E80 -> 0 | F81: =F79-F80 -> 0 | G81: =G79-G80 -> 0 | H81: =H79-H80 -> 0 | I81: =I79-I80 -> 0 | ... AF81: =AF79-AF80 -> 0 | AG81: =SUM(B81:AF81) -> 0
A82: =ドロップダウンリスト!J17 -> 0 | B82: =SUMIFS(日計表!$U$5:$U$2004,日計表!$B$5:$B$2004,集計シート!B$3,日計表!$Q$5:$Q$2004,集計シート!$A82) -> 0 | C82: =SUMIFS(日計表!$U$5:$U$2004,日計表!$B$5:$B$2004,集計シート!C$3,日計表!$Q$5:$Q$2004,集計シート!$A82) -> 0 | D82: =SUMIFS(日計表!$U$5:$U$2004,日計表!$B$5:$B$2004,集計シート!D$3,日計表!$Q$5:$Q$2004,集計シート!$A82) -> 0 | E82: =SUMIFS(日計表!$U$5:$U$2004,日計表!$B$5:$B$2004,集計シート!E$3,日計表!$Q$5:$Q$2004,集計シート!$A82) -> 0 | F82: =SUMIFS(日計表!$U$5:$U$2004,日計表!$B$5:$B$2004,集計シート!F$3,日計表!$Q$5:$Q$2004,集計シート!$A82) -> 0 | G82: =SUMIFS(日計表!$U$5:$U$2004,日計表!$B$5:$B$2004,集計シート!G$3,日計表!$Q$5:$Q$2004,集計シート!$A82) -> 0 | H82: =SUMIFS(日計表!$U$5:$U$2004,日計表!$B$5:$B$2004,集計シート!H$3,日計表!$Q$5:$Q$2004,集計シート!$A82) -> 0 | I82: =SUMIFS(日計表!$U$5:$U$2004,日計表!$B$5:$B$2004,集計シート!I$3,日計表!$Q$5:$Q$2004,集計シート!$A82) -> 0 | ... AF82: =SUMIFS(日計表!$U$5:$U$2004,日計表!$B$5:$B$2004,集計シート!AF$3,日計表!$Q$5:$Q$2004,集計シート!$A82) -> 0 | AG82: =SUM(B82:AF82) -> 0 | AH82: =IF(ISERROR(AG84/AG82),0,AG84/AG82) -> 0 | AI82: =AG84/AH$94 -> #DIV/0!
A83: =ドロップダウンリスト!J17 -> 0 | B83: =SUMIFS(日計表!$T$5:$T$2004,日計表!$B$5:$B$2004,集計シート!B$3,日計表!$Q$5:$Q$2004,集計シート!$A83) -> 0 | C83: =SUMIFS(日計表!$T$5:$T$2004,日計表!$B$5:$B$2004,集計シート!C$3,日計表!$Q$5:$Q$2004,集計シート!$A83) -> 0 | D83: =SUMIFS(日計表!$T$5:$T$2004,日計表!$B$5:$B$2004,集計シート!D$3,日計表!$Q$5:$Q$2004,集計シート!$A83) -> 0 | E83: =SUMIFS(日計表!$T$5:$T$2004,日計表!$B$5:$B$2004,集計シート!E$3,日計表!$Q$5:$Q$2004,集計シート!$A83) -> 0 | F83: =SUMIFS(日計表!$T$5:$T$2004,日計表!$B$5:$B$2004,集計シート!F$3,日計表!$Q$5:$Q$2004,集計シート!$A83) -> 0 | G83: =SUMIFS(日計表!$T$5:$T$2004,日計表!$B$5:$B$2004,集計シート!G$3,日計表!$Q$5:$Q$2004,集計シート!$A83) -> 0 | H83: =SUMIFS(日計表!$T$5:$T$2004,日計表!$B$5:$B$2004,集計シート!H$3,日計表!$Q$5:$Q$2004,集計シート!$A83) -> 0 | I83: =SUMIFS(日計表!$T$5:$T$2004,日計表!$B$5:$B$2004,集計シート!I$3,日計表!$Q$5:$Q$2004,集計シート!$A83) -> 0 | ... AF83: =SUMIFS(日計表!$T$5:$T$2004,日計表!$B$5:$B$2004,集計シート!AF$3,日計表!$Q$5:$Q$2004,集計シート!$A83) -> 0 | AG83: =SUM(B83:AF83) -> 0
A84: =ドロップダウンリスト!J17 -> 0 | B84: =B82-B83 -> 0 | C84: =C82-C83 -> 0 | D84: =D82-D83 -> 0 | E84: =E82-E83 -> 0 | F84: =F82-F83 -> 0 | G84: =G82-G83 -> 0 | H84: =H82-H83 -> 0 | I84: =I82-I83 -> 0 | ... AF84: =AF82-AF83 -> 0 | AG84: =SUM(B84:AF84) -> 0
A85: =ドロップダウンリスト!J18 -> 0 | B85: =SUMIFS(日計表!$U$5:$U$2004,日計表!$B$5:$B$2004,集計シート!B$3,日計表!$Q$5:$Q$2004,集計シート!$A85) -> 0 | C85: =SUMIFS(日計表!$U$5:$U$2004,日計表!$B$5:$B$2004,集計シート!C$3,日計表!$Q$5:$Q$2004,集計シート!$A85) -> 0 | D85: =SUMIFS(日計表!$U$5:$U$2004,日計表!$B$5:$B$2004,集計シート!D$3,日計表!$Q$5:$Q$2004,集計シート!$A85) -> 0 | E85: =SUMIFS(日計表!$U$5:$U$2004,日計表!$B$5:$B$2004,集計シート!E$3,日計表!$Q$5:$Q$2004,集計シート!$A85) -> 0 | F85: =SUMIFS(日計表!$U$5:$U$2004,日計表!$B$5:$B$2004,集計シート!F$3,日計表!$Q$5:$Q$2004,集計シート!$A85) -> 0 | G85: =SUMIFS(日計表!$U$5:$U$2004,日計表!$B$5:$B$2004,集計シート!G$3,日計表!$Q$5:$Q$2004,集計シート!$A85) -> 0 | H85: =SUMIFS(日計表!$U$5:$U$2004,日計表!$B$5:$B$2004,集計シート!H$3,日計表!$Q$5:$Q$2004,集計シート!$A85) -> 0 | I85: =SUMIFS(日計表!$U$5:$U$2004,日計表!$B$5:$B$2004,集計シート!I$3,日計表!$Q$5:$Q$2004,集計シート!$A85) -> 0 | ... AF85: =SUMIFS(日計表!$U$5:$U$2004,日計表!$B$5:$B$2004,集計シート!AF$3,日計表!$Q$5:$Q$2004,集計シート!$A85) -> 0 | AG85: =SUM(B85:AF85) -> 0 | AH85: =IF(ISERROR(AG87/AG85),0,AG87/AG85) -> 0 | AI85: =AG87/AH$94 -> #DIV/0!
A86: =ドロップダウンリスト!J18 -> 0 | B86: =SUMIFS(日計表!$T$5:$T$2004,日計表!$B$5:$B$2004,集計シート!B$3,日計表!$Q$5:$Q$2004,集計シート!$A86) -> 0 | C86: =SUMIFS(日計表!$T$5:$T$2004,日計表!$B$5:$B$2004,集計シート!C$3,日計表!$Q$5:$Q$2004,集計シート!$A86) -> 0 | D86: =SUMIFS(日計表!$T$5:$T$2004,日計表!$B$5:$B$2004,集計シート!D$3,日計表!$Q$5:$Q$2004,集計シート!$A86) -> 0 | E86: =SUMIFS(日計表!$T$5:$T$2004,日計表!$B$5:$B$2004,集計シート!E$3,日計表!$Q$5:$Q$2004,集計シート!$A86) -> 0 | F86: =SUMIFS(日計表!$T$5:$T$2004,日計表!$B$5:$B$2004,集計シート!F$3,日計表!$Q$5:$Q$2004,集計シート!$A86) -> 0 | G86: =SUMIFS(日計表!$T$5:$T$2004,日計表!$B$5:$B$2004,集計シート!G$3,日計表!$Q$5:$Q$2004,集計シート!$A86) -> 0 | H86: =SUMIFS(日計表!$T$5:$T$2004,日計表!$B$5:$B$2004,集計シート!H$3,日計表!$Q$5:$Q$2004,集計シート!$A86) -> 0 | I86: =SUMIFS(日計表!$T$5:$T$2004,日計表!$B$5:$B$2004,集計シート!I$3,日計表!$Q$5:$Q$2004,集計シート!$A86) -> 0 | ... AF86: =SUMIFS(日計表!$T$5:$T$2004,日計表!$B$5:$B$2004,集計シート!AF$3,日計表!$Q$5:$Q$2004,集計シート!$A86) -> 0 | AG86: =SUM(B86:AF86) -> 0
A87: =ドロップダウンリスト!J18 -> 0 | B87: =B85-B86 -> 0 | C87: =C85-C86 -> 0 | D87: =D85-D86 -> 0 | E87: =E85-E86 -> 0 | F87: =F85-F86 -> 0 | G87: =G85-G86 -> 0 | H87: =H85-H86 -> 0 | I87: =I85-I86 -> 0 | ... AF87: =AF85-AF86 -> 0 | AG87: =SUM(B87:AF87) -> 0
A88: 0 | B88: =SUMIFS(日計表!$U$5:$U$2004,日計表!$B$5:$B$2004,集計シート!B$3,日計表!$Q$5:$Q$2004,集計シート!$A88) -> 0 | C88: =SUMIFS(日計表!$U$5:$U$2004,日計表!$B$5:$B$2004,集計シート!C$3,日計表!$Q$5:$Q$2004,集計シート!$A88) -> 0 | D88: =SUMIFS(日計表!$U$5:$U$2004,日計表!$B$5:$B$2004,集計シート!D$3,日計表!$Q$5:$Q$2004,集計シート!$A88) -> 0 | E88: =SUMIFS(日計表!$U$5:$U$2004,日計表!$B$5:$B$2004,集計シート!E$3,日計表!$Q$5:$Q$2004,集計シート!$A88) -> 0 | F88: =SUMIFS(日計表!$U$5:$U$2004,日計表!$B$5:$B$2004,集計シート!F$3,日計表!$Q$5:$Q$2004,集計シート!$A88) -> 0 | G88: =SUMIFS(日計表!$U$5:$U$2004,日計表!$B$5:$B$2004,集計シート!G$3,日計表!$Q$5:$Q$2004,集計シート!$A88) -> 0 | H88: =SUMIFS(日計表!$U$5:$U$2004,日計表!$B$5:$B$2004,集計シート!H$3,日計表!$Q$5:$Q$2004,集計シート!$A88) -> 0 | I88: =SUMIFS(日計表!$U$5:$U$2004,日計表!$B$5:$B$2004,集計シート!I$3,日計表!$Q$5:$Q$2004,集計シート!$A88) -> 0 | ... AF88: =SUMIFS(日計表!$U$5:$U$2004,日計表!$B$5:$B$2004,集計シート!AF$3,日計表!$Q$5:$Q$2004,集計シート!$A88) -> 0 | AG88: =SUM(B88:AF88) -> 0 | AH88: =IF(ISERROR(AG90/AG88),0,AG90/AG88) -> 0 | AI88: =AG90/AH$94 -> #DIV/0!
A89: 0 | B89: =SUMIFS(日計表!$T$5:$T$2004,日計表!$B$5:$B$2004,集計シート!B$3,日計表!$Q$5:$Q$2004,集計シート!$A89) -> 0 | C89: =SUMIFS(日計表!$T$5:$T$2004,日計表!$B$5:$B$2004,集計シート!C$3,日計表!$Q$5:$Q$2004,集計シート!$A89) -> 0 | D89: =SUMIFS(日計表!$T$5:$T$2004,日計表!$B$5:$B$2004,集計シート!D$3,日計表!$Q$5:$Q$2004,集計シート!$A89) -> 0 | E89: =SUMIFS(日計表!$T$5:$T$2004,日計表!$B$5:$B$2004,集計シート!E$3,日計表!$Q$5:$Q$2004,集計シート!$A89) -> 0 | F89: =SUMIFS(日計表!$T$5:$T$2004,日計表!$B$5:$B$2004,集計シート!F$3,日計表!$Q$5:$Q$2004,集計シート!$A89) -> 0 | G89: =SUMIFS(日計表!$T$5:$T$2004,日計表!$B$5:$B$2004,集計シート!G$3,日計表!$Q$5:$Q$2004,集計シート!$A89) -> 0 | H89: =SUMIFS(日計表!$T$5:$T$2004,日計表!$B$5:$B$2004,集計シート!H$3,日計表!$Q$5:$Q$2004,集計シート!$A89) -> 0 | I89: =SUMIFS(日計表!$T$5:$T$2004,日計表!$B$5:$B$2004,集計シート!I$3,日計表!$Q$5:$Q$2004,集計シート!$A89) -> 0 | ... AF89: =SUMIFS(日計表!$T$5:$T$2004,日計表!$B$5:$B$2004,集計シート!AF$3,日計表!$Q$5:$Q$2004,集計シート!$A89) -> 0 | AG89: =SUM(B89:AF89) -> 0
A90: 0 | B90: =B88-B89 -> 0 | C90: =C88-C89 -> 0 | D90: =D88-D89 -> 0 | E90: =E88-E89 -> 0 | F90: =F88-F89 -> 0 | G90: =G88-G89 -> 0 | H90: =H88-H89 -> 0 | I90: =I88-I89 -> 0 | ... AF90: =AF88-AF89 -> 0 | AG90: =SUM(B90:AF90) -> 0
A91: =ドロップダウンリスト!J20 -> 0 | B91: =SUMIFS(日計表!$U$5:$U$2004,日計表!$B$5:$B$2004,集計シート!B$3,日計表!$Q$5:$Q$2004,集計シート!$A91) -> 0 | C91: =SUMIFS(日計表!$U$5:$U$2004,日計表!$B$5:$B$2004,集計シート!C$3,日計表!$Q$5:$Q$2004,集計シート!$A91) -> 0 | D91: =SUMIFS(日計表!$U$5:$U$2004,日計表!$B$5:$B$2004,集計シート!D$3,日計表!$Q$5:$Q$2004,集計シート!$A91) -> 0 | E91: =SUMIFS(日計表!$U$5:$U$2004,日計表!$B$5:$B$2004,集計シート!E$3,日計表!$Q$5:$Q$2004,集計シート!$A91) -> 0 | F91: =SUMIFS(日計表!$U$5:$U$2004,日計表!$B$5:$B$2004,集計シート!F$3,日計表!$Q$5:$Q$2004,集計シート!$A91) -> 0 | G91: =SUMIFS(日計表!$U$5:$U$2004,日計表!$B$5:$B$2004,集計シート!G$3,日計表!$Q$5:$Q$2004,集計シート!$A91) -> 0 | H91: =SUMIFS(日計表!$U$5:$U$2004,日計表!$B$5:$B$2004,集計シート!H$3,日計表!$Q$5:$Q$2004,集計シート!$A91) -> 0 | I91: =SUMIFS(日計表!$U$5:$U$2004,日計表!$B$5:$B$2004,集計シート!I$3,日計表!$Q$5:$Q$2004,集計シート!$A91) -> 0 | ... AF91: =SUMIFS(日計表!$U$5:$U$2004,日計表!$B$5:$B$2004,集計シート!AF$3,日計表!$Q$5:$Q$2004,集計シート!$A91) -> 0 | AG91: =SUM(B91:AF91) -> 0 | AH91: =IF(ISERROR(AG93/AG91),0,AG93/AG91) -> 0 | AI91: =AG93/AH$94 -> #DIV/0!
A92: =ドロップダウンリスト!J20 -> 0 | B92: =SUMIFS(日計表!$T$5:$T$2004,日計表!$B$5:$B$2004,集計シート!B$3,日計表!$Q$5:$Q$2004,集計シート!$A92) -> 0 | C92: =SUMIFS(日計表!$T$5:$T$2004,日計表!$B$5:$B$2004,集計シート!C$3,日計表!$Q$5:$Q$2004,集計シート!$A92) -> 0 | D92: =SUMIFS(日計表!$T$5:$T$2004,日計表!$B$5:$B$2004,集計シート!D$3,日計表!$Q$5:$Q$2004,集計シート!$A92) -> 0 | E92: =SUMIFS(日計表!$T$5:$T$2004,日計表!$B$5:$B$2004,集計シート!E$3,日計表!$Q$5:$Q$2004,集計シート!$A92) -> 0 | F92: =SUMIFS(日計表!$T$5:$T$2004,日計表!$B$5:$B$2004,集計シート!F$3,日計表!$Q$5:$Q$2004,集計シート!$A92) -> 0 | G92: =SUMIFS(日計表!$T$5:$T$2004,日計表!$B$5:$B$2004,集計シート!G$3,日計表!$Q$5:$Q$2004,集計シート!$A92) -> 0 | H92: =SUMIFS(日計表!$T$5:$T$2004,日計表!$B$5:$B$2004,集計シート!H$3,日計表!$Q$5:$Q$2004,集計シート!$A92) -> 0 | I92: =SUMIFS(日計表!$T$5:$T$2004,日計表!$B$5:$B$2004,集計シート!I$3,日計表!$Q$5:$Q$2004,集計シート!$A92) -> 0 | ... AF92: =SUMIFS(日計表!$T$5:$T$2004,日計表!$B$5:$B$2004,集計シート!AF$3,日計表!$Q$5:$Q$2004,集計シート!$A92) -> 0 | AG92: =SUM(B92:AF92) -> 0
A93: =ドロップダウンリスト!J20 -> 0 | B93: =B91-B92 -> 0 | C93: =C91-C92 -> 0 | D93: =D91-D92 -> 0 | E93: =E91-E92 -> 0 | F93: =F91-F92 -> 0 | G93: =G91-G92 -> 0 | H93: =H91-H92 -> 0 | I93: =I91-I92 -> 0 | ... AF93: =AF91-AF92 -> 0 | AG93: =SUM(B93:AF93) -> 0
AG94: 粗利総合計 | AH94: =SUM(AG42+AG45+AG48+AG51+AG54+AG57+AG60+AG63+AG66+AG69+AG72+AG75+AG78+AG81+AG84+AG87+AG90+AG93) -> 0
A95: スタッフ別成績一覧 (15名分) ※ドロップダウンリスト内にスタッフ名入力してください | P95: 来店数 | S95: 割合 | V95: SV相談件数集計(累計)
A96: スタッフ名 | B96: 粗利 | D96: 売価 | F96: 粗利率 | H96: 粗利単価 | J96: 接客数 | K96: 成約件数 | L96: 成約率 | M96: 口コミ受領件数 | P96: =ドロップダウンリスト!E3 -> 女性 | Q96: =COUNTIFS(日計表!$I$5:$I$2004,P96) -> 0 | S96: =IFERROR(Q96/Q$101,"0") -> 0 | V96: 有 | W96: =COUNTIFS(日計表!$AC$5:$AC$2004,V96)+X99+X100+X101+X102+X103+X104+X105+X106+X107+X108+X109+X110+X111+X112+X113 -> 0 | Y96: 無 | Z96: =COUNTIFS(日計表!$AC$5:$AC$2004,Y96) -> 0
A97: =ドロップダウンリスト!A3 -> 0 | B97: =SUMIFS(日計表!$V$5:$V$2004,日計表!$D$5:$D$2004,集計シート!A97) -> 0 | D97: =SUMIFS(日計表!$U$5:$U$2004,日計表!$D$5:$D$2004,集計シート!A97) -> 0 | F97: =B97/D97 -> #DIV/0! | H97: =B97/K97 -> #DIV/0! | J97: =来店数・天気・気温・スタッフ別接客数!N$35 -> 0 | K97: =COUNTIFS(日計表!$G$5:$G$2004,"成立",日計表!$D$5:$D$2004,A97) -> 0 | L97: =K97/J97 -> #DIV/0! | M97: =COUNTIFS(日計表!$Z$5:$Z$2004,"〇",日計表!$D$5:$D$2004,集計シート!$A97) -> 0 | P97: =ドロップダウンリスト!E4 -> 男性 | Q97: =COUNTIFS(日計表!$I$5:$I$2004,P97) -> 0 | S97: =IFERROR(Q97/Q$101,"0") -> 0
A98: =ドロップダウンリスト!A4 -> 0 | B98: =SUMIFS(日計表!$V$5:$V$2004,日計表!$D$5:$D$2004,集計シート!A98) -> 0 | D98: =SUMIFS(日計表!$U$5:$U$2004,日計表!$D$5:$D$2004,集計シート!A98) -> 0 | F98: =B98/D98 -> #DIV/0! | H98: =B98/K98 -> #DIV/0! | J98: =来店数・天気・気温・スタッフ別接客数!O$35 -> 0 | K98: =COUNTIFS(日計表!$G$5:$G$2004,"成立",日計表!$D$5:$D$2004,A98) -> 0 | L98: =K98/J98 -> #DIV/0! | M98: =COUNTIFS(日計表!$Z$5:$Z$2004,"〇",日計表!$D$5:$D$2004,集計シート!$A98) -> 0 | P98: =ドロップダウンリスト!E5 -> 0 | Q98: =COUNTIFS(日計表!$I$5:$I$2004,P98) -> 0 | S98: =IFERROR(Q98/Q$101,"0") -> 0 | V98: SV名 | X98: 件数
A99: =ドロップダウンリスト!A5 -> 0 | B99: =SUMIFS(日計表!$V$5:$V$2004,日計表!$D$5:$D$2004,集計シート!A99) -> 0 | D99: =SUMIFS(日計表!$U$5:$U$2004,日計表!$D$5:$D$2004,集計シート!A99) -> 0 | F99: =B99/D99 -> #DIV/0! | H99: =B99/K99 -> #DIV/0! | J99: =来店数・天気・気温・スタッフ別接客数!P$35 -> 0 | K99: =COUNTIFS(日計表!$G$5:$G$2004,"成立",日計表!$D$5:$D$2004,A99) -> 0 | L99: =K99/J99 -> #DIV/0! | M99: =COUNTIFS(日計表!$Z$5:$Z$2004,"〇",日計表!$D$5:$D$2004,集計シート!$A99) -> 0 | P99: =ドロップダウンリスト!E6 -> 0 | Q99: =COUNTIFS(日計表!$I$5:$I$2004,P99) -> 0 | S99: =IFERROR(Q99/Q$101,"0") -> 0 | V99: =ドロップダウンリスト!O5 -> 0 | X99: =COUNTIFS(日計表!$AC$5:$AC$2004,V99) -> 0
A100: =ドロップダウンリスト!A6 -> 0 | B100: =SUMIFS(日計表!$V$5:$V$2004,日計表!$D$5:$D$2004,集計シート!A100) -> 0 | D100: =SUMIFS(日計表!$U$5:$U$2004,日計表!$D$5:$D$2004,集計シート!A100) -> 0 | F100: =B100/D100 -> #DIV/0! | H100: =B100/K100 -> #DIV/0! | J100: =来店数・天気・気温・スタッフ別接客数!Q$35 -> 0 | K100: =COUNTIFS(日計表!$G$5:$G$2004,"成立",日計表!$D$5:$D$2004,A100) -> 0 | L100: =K100/J100 -> #DIV/0! | M100: =COUNTIFS(日計表!$Z$5:$Z$2004,"〇",日計表!$D$5:$D$2004,集計シート!$A100) -> 0 | P100: =ドロップダウンリスト!E7 -> 0 | Q100: =COUNTIFS(日計表!$I$5:$I$2004,P100) -> 0 | S100: =IFERROR(Q100/Q$101,"0") -> 0 | V100: =ドロップダウンリスト!O6 -> 0 | X100: =COUNTIFS(日計表!$AC$5:$AC$2004,V100) -> 0
A101: =ドロップダウンリスト!A7 -> 0 | B101: =SUMIFS(日計表!$V$5:$V$2004,日計表!$D$5:$D$2004,集計シート!A101) -> 0 | D101: =SUMIFS(日計表!$U$5:$U$2004,日計表!$D$5:$D$2004,集計シート!A101) -> 0 | F101: =B101/D101 -> #DIV/0! | H101: =B101/K101 -> #DIV/0! | J101: =来店数・天気・気温・スタッフ別接客数!R$35 -> 0 | K101: =COUNTIFS(日計表!$G$5:$G$2004,"成立",日計表!$D$5:$D$2004,A101) -> 0 | L101: =K101/J101 -> #DIV/0! | M101: =COUNTIFS(日計表!$Z$5:$Z$2004,"〇",日計表!$D$5:$D$2004,集計シート!$A101) -> 0 | P101: 合計 | Q101: =SUM(Q96:R100) -> 0 | V101: =ドロップダウンリスト!O7 -> 0 | X101: =COUNTIFS(日計表!$AC$5:$AC$2004,V101) -> 0
A102: =ドロップダウンリスト!A8 -> 0 | B102: =SUMIFS(日計表!$V$5:$V$2004,日計表!$D$5:$D$2004,集計シート!A102) -> 0 | D102: =SUMIFS(日計表!$U$5:$U$2004,日計表!$D$5:$D$2004,集計シート!A102) -> 0 | F102: =B102/D102 -> #DIV/0! | H102: =B102/K102 -> #DIV/0! | J102: =来店数・天気・気温・スタッフ別接客数!S$35 -> 0 | K102: =COUNTIFS(日計表!$G$5:$G$2004,"成立",日計表!$D$5:$D$2004,A102) -> 0 | L102: =K102/J102 -> #DIV/0! | M102: =COUNTIFS(日計表!$Z$5:$Z$2004,"〇",日計表!$D$5:$D$2004,集計シート!$A102) -> 0 | V102: =ドロップダウンリスト!O8 -> 0 | X102: =COUNTIFS(日計表!$AC$5:$AC$2004,V102) -> 0
A103: =ドロップダウンリスト!A9 -> 0 | B103: =SUMIFS(日計表!$V$5:$V$2004,日計表!$D$5:$D$2004,集計シート!A103) -> 0 | D103: =SUMIFS(日計表!$U$5:$U$2004,日計表!$D$5:$D$2004,集計シート!A103) -> 0 | F103: =B103/D103 -> #DIV/0! | H103: =B103/K103 -> #DIV/0! | J103: =来店数・天気・気温・スタッフ別接客数!T$35 -> 0 | K103: =COUNTIFS(日計表!$G$5:$G$2004,"成立",日計表!$D$5:$D$2004,A103) -> 0 | L103: =K103/J103 -> #DIV/0! | M103: =COUNTIFS(日計表!$Z$5:$Z$2004,"〇",日計表!$D$5:$D$2004,集計シート!$A103) -> 0 | V103: =ドロップダウンリスト!O9 -> 0 | X103: =COUNTIFS(日計表!$AC$5:$AC$2004,V103) -> 0
A104: =ドロップダウンリスト!A10 -> 0 | B104: =SUMIFS(日計表!$V$5:$V$2004,日計表!$D$5:$D$2004,集計シート!A104) -> 0 | D104: =SUMIFS(日計表!$U$5:$U$2004,日計表!$D$5:$D$2004,集計シート!A104) -> 0 | F104: =B104/D104 -> #DIV/0! | H104: =B104/K104 -> #DIV/0! | J104: =来店数・天気・気温・スタッフ別接客数!U$35 -> 0 | K104: =COUNTIFS(日計表!$G$5:$G$2004,"成立",日計表!$D$5:$D$2004,A104) -> 0 | L104: =K104/J104 -> #DIV/0! | M104: =COUNTIFS(日計表!$Z$5:$Z$2004,"〇",日計表!$D$5:$D$2004,集計シート!$A104) -> 0 | P104: 出張件数(累計) | R104: 受電数(累計) | V104: =ドロップダウンリスト!O10 -> 0 | X104: =COUNTIFS(日計表!$AC$5:$AC$2004,V104) -> 0
A105: =ドロップダウンリスト!A11 -> 0 | B105: =SUMIFS(日計表!$V$5:$V$2004,日計表!$D$5:$D$2004,集計シート!A105) -> 0 | D105: =SUMIFS(日計表!$U$5:$U$2004,日計表!$D$5:$D$2004,集計シート!A105) -> 0 | F105: =B105/D105 -> #DIV/0! | H105: =B105/K105 -> #DIV/0! | J105: =来店数・天気・気温・スタッフ別接客数!V$35 -> 0 | K105: =COUNTIFS(日計表!$G$5:$G$2004,"成立",日計表!$D$5:$D$2004,A105) -> 0 | L105: =K105/J105 -> #DIV/0! | M105: =COUNTIFS(日計表!$Z$5:$Z$2004,"〇",日計表!$D$5:$D$2004,集計シート!$A105) -> 0 | P105: =COUNTIFS(日計表!$F$5:$F$2004,"出張") -> 0 | R105: =来店数・天気・気温・スタッフ別接客数!G35 -> 0 | V105: =ドロップダウンリスト!O11 -> 0 | X105: =COUNTIFS(日計表!$AC$5:$AC$2004,V105) -> 0
A106: =ドロップダウンリスト!A12 -> 0 | B106: =SUMIFS(日計表!$V$5:$V$2004,日計表!$D$5:$D$2004,集計シート!A106) -> 0 | D106: =SUMIFS(日計表!$U$5:$U$2004,日計表!$D$5:$D$2004,集計シート!A106) -> 0 | F106: =B106/D106 -> #DIV/0! | H106: =B106/K106 -> #DIV/0! | J106: =来店数・天気・気温・スタッフ別接客数!W$35 -> 0 | K106: =COUNTIFS(日計表!$G$5:$G$2004,"成立",日計表!$D$5:$D$2004,A106) -> 0 | L106: =K106/J106 -> #DIV/0! | M106: =COUNTIFS(日計表!$Z$5:$Z$2004,"〇",日計表!$D$5:$D$2004,集計シート!$A106) -> 0 | V106: =ドロップダウンリスト!O12 -> 0 | X106: =COUNTIFS(日計表!$AC$5:$AC$2004,V106) -> 0
...

Sheet 日計表
B1: 加盟店報告用日計表 | E1: 46235 | H1: 店名 | N1: すべてのシートにおいて、列の追加や削除、シート名変更はしないでください。計算式が崩れます。
C2: 削除しないでください！ 計算式入り | H2: ※提出時は削除(原本削除注意) 【削除箇所を選ぶ→右クリック→数値と値のクリアで削除してください】 | V2: 削除しないでください！ 計算式入り
B3: すべての行に 入力してください | D3: すべての行に 入力してください | E3: お客様情報は１行のみに入力してください※複数行に同じ内容入力不可です | Q3: すべて詳細に入力してください | Z3: お客様情報は１行のみに入力してください※複数行に同じ内容入力不可です
A4: 管理 番号 | B4: 日付 | C4: 曜日 (自動) | D4: 買取担当者 | E4: 時間帯 | F4: 店舗/出張 | G4: 結果 | H4: 買取先(お客様のお名前) | I4: 性別 | J4: 年齢(半角数字のみ) | K4: インボイス | L4: 登録番号 | M4: 電話番号 | N4: 住所(都道府県から) | O4: 媒体 | P4: 各社折込チラシ | Q4: ジャンル | R4: 品名 (詳細に) | S4: 個数 | T4: 買取価格 | U4: 売価(税込) ※予測→確定金額に変更 | V4: 粗利 (自動計算) | W4: 売却先 | X4: 売却日 | Y4: 入金日 | Z4: 口コミ | AA4: 架電 | AB4: DM | AC4: SV相談 (項目スクロール) | AD4: 備考
C5: =IF(B5="","",TEXT(B5,"aaa")) | V5: =U5-T5 -> 0
C6: =IF(B6="","",TEXT(B6,"aaa")) | V6: =U6-T6 -> 0
C7: =IF(B7="","",TEXT(B7,"aaa")) | V7: =U7-T7 -> 0
C8: =IF(B8="","",TEXT(B8,"aaa")) | V8: =U8-T8 -> 0
C9: =IF(B9="","",TEXT(B9,"aaa")) | V9: =U9-T9 -> 0
C10: =IF(B10="","",TEXT(B10,"aaa")) | V10: =U10-T10 -> 0
C11: =IF(B11="","",TEXT(B11,"aaa")) | V11: =U11-T11 -> 0
C12: =IF(B12="","",TEXT(B12,"aaa")) | V12: =U12-T12 -> 0
C13: =IF(B13="","",TEXT(B13,"aaa")) | V13: =U13-T13 -> 0
C14: =IF(B14="","",TEXT(B14,"aaa")) | V14: =U14-T14 -> 0
C15: =IF(B15="","",TEXT(B15,"aaa")) | V15: =U15-T15 -> 0
C16: =IF(B16="","",TEXT(B16,"aaa")) | V16: =U16-T16 -> 0
... C2004: =IF(B2004="","",TEXT(B2004,"aaa")) | V2004: =U2004-T2004 -> 0

Sheet 来店数・天気・気温・スタッフ別接客数
B1: 来店数・天気・気温
C2: 半角数字で入力してください | I2: リストから選んでください [追加はドロップダウンリストシート] | K2: 半角数字で入力してください [例:30.5] | M2: 接客数※スタッフ別 [半角数字で入力してください] ※スタッフ名はドロップダウンリストから自動反映されます
A3: 黄色部分に該当月を入力してください。 [例 : 9/1] | B3: 曜日 (自動) | C3: 成立数 | D3: 不成立数 | E3: ※一部買い逃し件数 | F3: 問合せ等 (来店され買取の質問等) | G3: 受電 | H3: 総来店数 ※自動計算 | I3: 天気(午前) | J3: 天気(午後) | K3: 気温(最高) | L3: 気温(最低) | M3: 日付/スタッフ名 | N3: =集計シート!$A97 -> 0 | O3: =集計シート!$A98 -> 0 | P3: =集計シート!$A99 -> 0 | Q3: =集計シート!$A100 -> 0 | R3: =集計シート!$A101 -> 0 | S3: =集計シート!$A102 -> 0 | T3: =集計シート!$A103 -> 0 | U3: =集計シート!$A104 -> 0 | V3: =集計シート!$A105 -> 0 | W3: =集計シート!$A106 -> 0 | X3: =集計シート!$A107 -> 0 | Y3: =集計シート!$A108 -> 0 | Z3: =集計シート!$A109 -> 0 | AA3: =集計シート!$A110 -> 0 | AB3: =集計シート!$A111 -> 0
A4: 46235 | B4: =TEXT(A4,"(aaa)") -> (土) | H4: =SUM(C4+D4+F4) -> 0 | M4: =A4 -> 46235
A5: =IF($A4="","",IF(DAY($A4+1)=1,"",$A4+1)) -> 46236 | B5: =TEXT(A5,"(aaa)") -> (日) | H5: =SUM(C5+D5+F5) -> 0 | M5: =A5 -> 46236
A6: =IF($A5="","",IF(DAY($A5+1)=1,"",$A5+1)) -> 46237 | B6: =TEXT(A6,"(aaa)") -> (月) | H6: =SUM(C6+D6+F6) -> 0 | M6: =A6 -> 46237
A7: =IF($A6="","",IF(DAY($A6+1)=1,"",$A6+1)) -> 46238 | B7: =TEXT(A7,"(aaa)") -> (火) | H7: =SUM(C7+D7+F7) -> 0 | M7: =A7 -> 46238
A8: =IF($A7="","",IF(DAY($A7+1)=1,"",$A7+1)) -> 46239 | B8: =TEXT(A8,"(aaa)") -> (水) | H8: =SUM(C8+D8+F8) -> 0 | M8: =A8 -> 46239
A9: =IF($A8="","",IF(DAY($A8+1)=1,"",$A8+1)) -> 46240 | B9: =TEXT(A9,"(aaa)") -> (木) | H9: =SUM(C9+D9+F9) -> 0 | M9: =A9 -> 46240
A10: =IF($A9="","",IF(DAY($A9+1)=1,"",$A9+1)) -> 46241 | B10: =TEXT(A10,"(aaa)") -> (金) | H10: =SUM(C10+D10+F10) -> 0 | M10: =A10 -> 46241
A11: =IF($A10="","",IF(DAY($A10+1)=1,"",$A10+1)) -> 46242 | B11: =TEXT(A11,"(aaa)") -> (土) | H11: =SUM(C11+D11+F11) -> 0 | M11: =A11 -> 46242
A12: =IF($A11="","",IF(DAY($A11+1)=1,"",$A11+1)) -> 46243 | B12: =TEXT(A12,"(aaa)") -> (日) | H12: =SUM(C12+D12+F12) -> 0 | M12: =A12 -> 46243
A13: =IF($A12="","",IF(DAY($A12+1)=1,"",$A12+1)) -> 46244 | B13: =TEXT(A13,"(aaa)") -> (月) | H13: =SUM(C13+D13+F13) -> 0 | M13: =A13 -> 46244
A14: =IF($A13="","",IF(DAY($A13+1)=1,"",$A13+1)) -> 46245 | B14: =TEXT(A14,"(aaa)") -> (火) | H14: =SUM(C14+D14+F14) -> 0 | M14: =A14 -> 46245
A15: =IF($A14="","",IF(DAY($A14+1)=1,"",$A14+1)) -> 46246 | B15: =TEXT(A15,"(aaa)") -> (水) | H15: =SUM(C15+D15+F15) -> 0 | M15: =A15 -> 46246
A16: =IF($A15="","",IF(DAY($A15+1)=1,"",$A15+1)) -> 46247 | B16: =TEXT(A16,"(aaa)") -> (木) | H16: =SUM(C16+D16+F16) -> 0 | M16: =A16 -> 46247
... A34: =IF($A33="","",IF(DAY($A33+1)=1,"",$A33+1)) -> 46265 | B34: =TEXT(A34,"(aaa)") -> (月) | H34: =SUM(C34+D34+F34) -> 0 | M34: =A34 -> 46265
A35: 合計 | C35: =SUM(C4:C34) -> 0 | D35: =SUM(D4:D34) -> 0 | E35: =SUM(E4:E34) -> 0 | F35: =SUM(F4:F34) -> 0 | G35: =SUM(G4:G34) -> 0 | H35: =SUM(H4:H34) -> 0 | M35: 合計 | N35: =SUM(N4:N34) -> 0 | O35: =SUM(O4:O34) -> 0 | P35: =SUM(P4:P34) -> 0 | Q35: =SUM(Q4:Q34) -> 0 | R35: =SUM(R4:R34) -> 0 | S35: =SUM(S4:S34) -> 0 | T35: =SUM(T4:T34) -> 0 | U35: =SUM(U4:U34) -> 0 | ... AB35: =SUM(AB4:AB34) -> 0

Sheet ドロップダウンリスト
B1: ドロップダウンリスト用一覧 | F1: ※黄色部分は自由に修正追加可能
A2: 買取担当者 (スタッフ名入力) | B2: 時間帯 | C2: 店舗/出張他 | D2: 結果 | E2: 性別 | F2: 年代 | G2: インボイス | H2: 媒体 | I2: 折込名 | J2: ジャンル | K2: 売却先 | L2: 口コミ | M2: 架電 | N2: DM | O2: SV相談 (5行目からSV名入力) | P2: 天気
B3: 10時台 | C3: 店舗 | D3: 成立 | E3: 女性 | F3: 10代 | G3: 一般 | H3: 折込チラシ | I3: 朝日 | J3: 金券(非課税) | K3: 本部 | L3: 〇 | M3: 可 | N3: 可 | O3: 有 | P3: 晴
B4: 11時台 | C4: 出張 | D4: 不成立 | E4: 男性 | F4: 20代 | G4: 法人(課税) | H4: ポスティング | I4: 読売 | J4: 金券(課税) | K4: その他 | L4: ✕ | M4: 不可 | N4: 不可 | O4: 無 | P4: 曇り
B5: 12時台 | C5: 宅配 | D5: 問合せ | F5: 30代 | G5: 法人(非課税) | H5: 新聞広告 | I5: 日経 | J5: テレカ | P5: 雨
B6: 13時台 | F6: 40代 | G6: 個人事業主(課税) | H6: HP(PC) | I6: 毎日 | J6: 現行銭 | P6: 小雨
B7: 14時台 | F7: 50代 | G7: 個人事業主(非課税) | H7: HP(携帯) | I7: 産経 | J7: ミント・プルーフセット | P7: 台風
B8: 15時台 | F8: 60代 | H8: リピーター | I8: 他 | J8: ブランドバッグ | P8: 雪
B9: 16時台 | F9: 70代 | H9: 看板(店頭) | J9: ブランド時計
B10: 17時台 | F10: 80代 | H10: 看板(駅前等) | J10: 貴金属製品
B11: 18時台 | F11: 90代以上 | H11: ティッシュ | J11: 刀剣
B12: 19時以降 | H12: 紹介 | J12: 小判
H13: テレビ(CM) | J13: シート切手
H14: その他 | J14: バラ切手
J15: 印紙
J16: その他アイテム

Sheet 住所抽出
A1: 住所抽出シート | B1: どこからご来店いただいているかのマップ作成に役立ちます。フィルター「0」チェックを外して一覧作成可能
A2: =日計表!N5 -> 0
A3: =日計表!N6 -> 0
A4: =日計表!N7 -> 0
A5: =日計表!N8 -> 0
A6: =日計表!N9 -> 0
A7: =日計表!N10 -> 0
A8: =日計表!N11 -> 0
A9: =日計表!N12 -> 0
A10: =日計表!N13 -> 0
A11: =日計表!N14 -> 0
A12: =日計表!N15 -> 0
A13: =日計表!N16 -> 0
... A2001: =日計表!N2004 -> 0

Sheet 通常入力例
B1: 加盟店報告用日計表 | E1: 45170 | H1: 店名 | I1: おたからや〇〇店 | N1: すべてのシートにおいて、列の追加や削除、シート名変更はしないでください。計算式が崩れます。
C2: 削除しないでください！ 計算式入り | H2: ※提出時は削除(原本削除注意) 【削除箇所を選ぶ→右クリック→数値と値のクリアで削除してください】 | V2: 削除しないでください！ 計算式入り
B3: すべての行に 入力してください | D3: すべての行に 入力してください | E3: お客様情報は１行のみに入力してください※複数行に同じ内容入力不可です | Q3: すべて詳細に入力してください | Z3: お客様情報は１行のみに入力してください※複数行に同じ内容入力不可です
A4: 管理 番号 | B4: 日付 | C4: 曜日 (自動) | D4: 買取担当者 | E4: 時間帯 | F4: 店舗/出張 | G4: 結果 | H4: 買取先(お客様のお名前) | I4: 性別 | J4: 年齢(半角数字のみ) | K4: インボイス | L4: 登録番号 | M4: 電話番号 | N4: 住所(都道府県から) | O4: 媒体 | P4: 各社折込チラシ | Q4: ジャンル | R4: 品名 (詳細に) | S4: 個数 | T4: 買取価格 | U4: 売価(税込) | V4: 粗利 (自動計算) | W4: 売却先 | X4: 売却日 | Y4: 入金日 | Z4: 口コミ | AA4: 架電 | AB4: DM | AC4: SV相談 (項目スクロール) | AD4: 備考
A5: 1 | B5: 45170 | C5: =IF(B5="","",TEXT(B5,"aaa")) -> 金 | D5: 山田太郎 | E5: 15時台 | F5: 店舗 | G5: 成立 | H5: 鈴木太郎 | I5: 男性 | J5: 50 | K5: 一般 | M5: 045-000-0000 | N5: 神奈川県横浜市西区1-1-1 | O5: 折込チラシ | P5: 朝日 | Q5: ブランドバッグ | R5: LV アルマ | S5: 1 | T5: 30000 | U5: 60000 | V5: =U5-T5 -> 30000 | W5: 本部 | X5: 45170 | Y5: 45172 | Z5: 〇 | AA5: 可 | AB5: 可 | AC5: 有 | AD5: 9/1DM発送
A6: 2 | B6: 45170 | C6: =IF(B6="","",TEXT(B6,"aaa")) -> 金 | D6: 山田太郎 | Q6: ブランド時計 | R6: RX デイトジャスト 16233 本体のみ | S6: 1 | T6: 490000 | U6: 700000 | V6: =U6-T6 -> 210000 | W6: 本部 | X6: 45170
A7: 3 | B7: 45170 | C7: =IF(B7="","",TEXT(B7,"aaa")) -> 金 | D7: 山田花子 | E7: 17時台 | F7: 出張 | G7: 成立 | H7: 鈴木花子 | I7: 女性 | J7: 33 | K7: 個人事業主(課税) | L7: T00000000 | M7: 045-111-1111 | N7: 神奈川県横浜市西区2-2-2 | O7: テレビ(CM) | Q7: 貴金属製品 | R7: Pt900 リング 5.4g/ エメラルド3.12ct | S7: 1 | T7: 20000 | U7: 80000 | V7: =U7-T7 -> 60000 | W7: 本部 | X7: 45171 | Y7: 45173 | Z7: ✕ | AA7: 不可 | AB7: 不可 | AC7: 無
A8: 4 | B8: 45170 | C8: =IF(B8="","",TEXT(B8,"aaa")) -> 金 | D8: 山田花子 | Q8: 貴金属製品 | R8: K18トップネックレス10.4g | S8: 1 | T8: 50000 | U8: 90000 | V8: =U8-T8 -> 40000 | W8: 本部 | X8: 45171 | Y8: 45173
A9: 5 | B9: 45170 | C9: =IF(B9="","",TEXT(B9,"aaa")) -> 金 | D9: 山田花子 | Q9: 貴金属製品 | R9: K18 リング 3.2g D0.3ct | S9: 1 | T9: 15000 | U9: 30000 | V9: =U9-T9 -> 15000 | W9: 本部 | X9: 45171 | Y9: 45173
A10: 6 | B10: 45170 | C10: =IF(B10="","",TEXT(B10,"aaa")) -> 金 | D10: 高橋太郎 | E10: 19時以降 | F10: 店舗 | G10: 不成立 | H10: 高橋花子 | I10: 女性 | J10: 45 | K10: 一般 | M10: 045-222-2222 | N10: 神奈川県横浜市西区3-3-3 | O10: リピーター | Q10: ブランド時計 | R10: RX 16710 | S10: 1 | V10: =U10-T10 -> 0 | AD10: 家族と相談してから持ってくる
A11: 7 | B11: 45171 | C11: =IF(B11="","",TEXT(B11,"aaa")) -> 土 | D11: 山田太郎 | E11: 13時台 | F11: 店舗 | G11: 成立 | H11: 鈴木一郎 | I11: 男性 | J11: 55 | K11: 一般 | M11: 045-333-3333 | N11: 神奈川県横浜市西区4-4-4 | O11: HP(PC) | Q11: バラ切手 | R11: バラ切手 詳細別紙 | S11: 100 | T11: 100000 | U11: 300000 | V11: =U11-T11 -> 200000 | W11: 本部 | X11: 45171 | Z11: 〇 | AA11: 可 | AB11: 不可 | AC11: 有 | AD11: 9/3架電(不在)
A12: 8 | B12: 45171 | C12: =IF(B12="","",TEXT(B12,"aaa")) -> 土 | D12: 山田太郎 | Q12: ブランド時計 | R12: バシュロンコンスタンタン オーヴァーシーズ | S12: 1 | T12: 500000 | U12: 590000 | V12: =U12-T12 -> 90000 | W12: 本部 | X12: 45171 | Y12: 45173
A13: 9 | B13: 45172 | C13: =IF(B13="","",TEXT(B13,"aaa")) -> 日 | D13: 山田花子 | E13: 12時台 | F13: 店舗 | G13: 成立 | H13: 山田恵子 | I13: 女性 | J13: 67 | K13: 一般 | M13: 045-444-4444 | N13: 神奈川県横浜市西区5-5-5 | O13: ティッシュ | Q13: テレカ | R13: 50度テレカ | S13: 10 | T13: 3000 | U13: 10000 | V13: =U13-T13 -> 7000 | W13: 本部 | Z13: 〇 | AA13: 不可 | AB13: 可 | AC13: 有
A14: 10 | B14: 45172 | C14: =IF(B14="","",TEXT(B14,"aaa")) -> 日 | D14: 山田花子 | Q14: 金券 | R14: 百貨店共通券1,000円 | S14: 10 | T14: 5000 | U14: 7000 | V14: =U14-T14 -> 2000 | W14: 本部
A15: 11 | B15: 45172 | C15: =IF(B15="","",TEXT(B15,"aaa")) -> 日 | D15: 山田花子 | Q15: ブランド時計 | R15: オメガ スピードマスター | S15: 1 | T15: 200000 | U15: 500000 | V15: =U15-T15 -> 300000 | W15: 本部
A16: 12 | B16: 45172 | C16: =IF(B16="","",TEXT(B16,"aaa")) -> 日 | D16: 山田花子 | Q16: ブランドバッグ | R16: シャネルマトラッセ チェーンショルダー | S16: 1 | T16: 50000 | U16: 100000 | V16: =U16-T16 -> 50000 | W16: 本部
H18: ↓↓提出時↓↓(提出用ファイル作成必須)
B21: 加盟店報告用日計表 | E21: 45170 | H21: 店名 | I21: おたからや〇〇店
C22: 削除しないでください！ 計算式入り | H22: ※提出時は削除(原本削除注意) 【削除箇所を選ぶ→右クリック→数値と値のクリアで削除してください】 | V22: 削除しないでください！ 計算式入り
B23: すべての行に 入力してください | D23: すべての行に 入力してください | E23: お客様情報は１行のみに入力してください※複数行に同じ内容入力不可です | Q23: すべて詳細に入力してください | Z23: お客様情報は１行のみに入力してください※複数行に同じ内容入力不可です
A24: 管理 番号 | B24: 日付 | C24: 曜日 (自動) | D24: 買取担当者 | E24: 時間帯 | F24: 店舗/出張 | G24: 結果 | H24: 買取先(お客様のお名前) | I24: 性別 | J24: 年齢(半角数字のみ) | K24: インボイス | L24: 登録番号 | M24: 電話番号 | N24: 住所(都道府県から) | O24: 媒体 | P24: 各社折込チラシ | Q24: ジャンル | R24: 品名 (詳細に) | S24: 個数 | T24: 買取価格 | U24: 売価(税込) | V24: 粗利 (自動計算) | W24: 売却先 | X24: 売却日 | Y24: 入金日 | Z24: 口コミ | AA24: 架電 | AB24: DM | AC24: SV相談 (項目スクロール) | AD24: 備考
A25: 1 | B25: 45170 | C25: =IF(B25="","",TEXT(B25,"aaa")) -> 金 | D25: 山田太郎 | E25: 15時台 | F25: 店舗 | G25: 成立 | I25: 男性 | J25: 50 | N25: 神奈川県横浜市西区1-1-1 | O25: 折込チラシ | P25: 朝日 | Q25: ブランドバッグ | R25: LV アルマ | S25: 1 | T25: 30000 | U25: 60000 | V25: =U25-T25 -> 30000 | W25: 本部 | X25: 45170 | Y25: 45172 | Z25: 〇 | AA25: 可 | AB25: 可 | AC25: 有 | AD25: 9/1DM発送
A26: 2 | B26: 45170 | C26: =IF(B26="","",TEXT(B26,"aaa")) -> 金 | D26: 山田太郎 | Q26: ブランド時計 | R26: RX デイトジャスト 16233 本体のみ | S26: 1 | T26: 490000 | U26: 700000 | V26: =U26-T26 -> 210000 | W26: 本部 | X26: 45170
A27: 3 | B27: 45170 | C27: =IF(B27="","",TEXT(B27,"aaa")) -> 金 | D27: 山田花子 | E27: 17時台 | F27: 出張 | G27: 成立 | I27: 女性 | J27: 33 | N27: 神奈川県横浜市西区2-2-2 | O27: テレビ(CM) | Q27: 貴金属製品 | R27: Pt900 リング 5.4g/ エメラルド3.12ct | S27: 1 | T27: 20000 | U27: 80000 | V27: =U27-T27 -> 60000 | W27: 本部 | X27: 45171 | Y27: 45173 | Z27: ✕ | AA27: 不可 | AB27: 不可 | AC27: 無
A28: 4 | B28: 45170 | C28: =IF(B28="","",TEXT(B28,"aaa")) -> 金 | D28: 山田花子 | Q28: 貴金属製品 | R28: K18 ネックレス 10.4g | S28: 1 | T28: 50000 | U28: 90000 | V28: =U28-T28 -> 40000 | W28: 本部 | X28: 45171 | Y28: 45173
A29: 5 | B29: 45170 | C29: =IF(B29="","",TEXT(B29,"aaa")) -> 金 | D29: 山田花子 | Q29: 貴金属製品 | R29: K18 リング 3.2g D0.3ct | S29: 1 | T29: 15000 | U29: 30000 | V29: =U29-T29 -> 15000 | W29: 本部 | X29: 45171 | Y29: 45173
A30: 6 | B30: 45170 | C30: =IF(B30="","",TEXT(B30,"aaa")) -> 金 | D30: 高橋太郎 | E30: 19時以降 | F30: 店舗 | G30: 不成立 | I30: 女性 | J30: 45 | N30: 神奈川県横浜市西区3-3-3 | O30: リピーター | Q30: ブランド時計 | R30: RX 16710 | S30: 1 | V30: =U30-T30 -> 0 | AD30: 家族と相談してから持ってくる
A31: 7 | B31: 45171 | C31: =IF(B31="","",TEXT(B31,"aaa")) -> 土 | D31: 山田太郎 | E31: 13時台 | F31: 店舗 | G31: 成立 | I31: 男性 | J31: 55 | N31: 神奈川県横浜市西区4-4-4 | O31: HP(PC) | Q31: バラ切手 | R31: バラ切手 詳細別紙 | S31: 100 | T31: 100000 | U31: 300000 | V31: =U31-T31 -> 200000 | W31: 本部 | X31: 45171 | Z31: 〇 | AA31: 可 | AB31: 不可 | AC31: 有 | AD31: 9/3架電(不在)
A32: 8 | B32: 45171 | C32: =IF(B32="","",TEXT(B32,"aaa")) -> 土 | D32: 山田太郎 | Q32: ブランド時計 | R32: バシュロンコンスタンタン オーヴァーシーズ | S32: 1 | T32: 500000 | U32: 590000 | V32: =U32-T32 -> 90000 | W32: 本部 | X32: 45171 | Y32: 45173
A33: 9 | B33: 45172 | C33: =IF(B33="","",TEXT(B33,"aaa")) -> 日 | D33: 山田花子 | E33: 12時台 | F33: 店舗 | G33: 成立 | I33: 女性 | J33: 67 | N33: 神奈川県横浜市西区5-5-5 | O33: ティッシュ | Q33: テレカ | R33: 50度テレカ | S33: 10 | T33: 3000 | U33: 10000 | V33: =U33-T33 -> 7000 | W33: 本部 | Z33: 〇 | AA33: 不可 | AB33: 可 | AC33: 有
A34: 10 | B34: 45172 | C34: =IF(B34="","",TEXT(B34,"aaa")) -> 日 | D34: 山田花子 | Q34: 金券 | R34: 百貨店共通券1,000円 | S34: 10 | T34: 5000 | U34: 7000 | V34: =U34-T34 -> 2000 | W34: 本部
A35: 11 | B35: 45172 | C35: =IF(B35="","",TEXT(B35,"aaa")) -> 日 | D35: 山田花子 | Q35: ブランド時計 | R35: オメガ スピードマスター | S35: 1 | T35: 200000 | U35: 500000 | V35: =U35-T35 -> 300000 | W35: 本部
A36: 12 | B36: 45172 | C36: =IF(B36="","",TEXT(B36,"aaa")) -> 日 | D36: 山田花子 | Q36: ブランドバッグ | R36: シャネルマトラッセ チェーンショルダー | S36: 1 | T36: 50000 | U36: 100000 | V36: =U36-T36 -> 50000 | W36: 本部

Sheet 枝番入力例
B1: [例] 管理番号「4」「K18トップネックレス10.4g」の品物を分割売却になったときは枝番にする。「4-1」「4-2」 | P1: すべてのシートにおいて、列の追加や削除、シート名変更はしないでください。計算式が崩れます。
B2: 【行追加方法、注意点】追加したい行の番号を選ぶ→右クリック→挿入。その際、計算式は引き継がれないため、未入力の行をコピーし、追加した行にペーストしてご利用ください
B3: すべての行に 入力してください | D3: すべての行に 入力してください | E3: お客様情報は１行のみに入力してください※複数行に同じ内容入力不可です | Q3: すべて詳細に入力してください | Z3: お客様情報は１行のみに入力してください※複数行に同じ内容入力不可です
A4: 管理 番号 | B4: 日付 | C4: 曜日 (自動) | D4: 買取担当者 | E4: 時間帯 | F4: 店舗/出張 | G4: 結果 | H4: 買取先(お客様のお名前) | I4: 性別 | J4: 年齢(半角数字のみ) | K4: インボイス | L4: 登録番号 | M4: 電話番号 | N4: 住所(都道府県から) | O4: 媒体 | P4: 各社折込チラシ | Q4: ジャンル | R4: 品名 (詳細に) | S4: 個数 | T4: 買取価格 | U4: 売価(税込) | V4: 粗利 (自動計算) | W4: 売却先 | X4: 売却日 | Y4: 入金日 | Z4: 口コミ | AA4: 架電 | AB4: DM | AC4: SV相談 (項目スクロール) | AD4: 備考
A5: 1 | B5: 45170 | C5: =IF(B5="","",TEXT(B5,"aaa")) -> 金 | D5: 山田太郎 | E5: 15時台 | F5: 店舗 | G5: 成立 | H5: 鈴木太郎 | I5: 男性 | J5: 50 | K5: 一般 | M5: 045-000-0000 | N5: 神奈川県横浜市西区1-1-1 | O5: 折込チラシ | P5: 朝日 | Q5: ブランドバッグ | R5: LV アルマ | S5: 1 | T5: 30000 | U5: 60000 | V5: =U5-T5 -> 30000 | W5: 本部 | X5: 45170 | Y5: 45172 | Z5: 〇 | AA5: 可 | AB5: 可 | AC5: 有 | AD5: 9/1DM発送
A6: 2 | B6: 45170 | C6: =IF(B6="","",TEXT(B6,"aaa")) -> 金 | D6: 山田太朗 | Q6: ブランド時計 | R6: RX デイトジャスト 16233 本体のみ | S6: 1 | T6: 490000 | U6: 700000 | V6: =U6-T6 -> 210000 | W6: 本部 | X6: 45170
A7: 3 | B7: 45170 | C7: =IF(B7="","",TEXT(B7,"aaa")) -> 金 | D7: 山田花子 | E7: 17時台 | F7: 出張 | G7: 成立 | H7: 鈴木花子 | I7: 女性 | J7: 33 | K7: 個人事業主(課税) | L7: T00000000 | M7: 045-111-1111 | N7: 神奈川県横浜市西区2-2-2 | O7: テレビ(CM) | Q7: 貴金属製品 | R7: Pt900 リング 5.4g/ エメラルド3.12ct | S7: 1 | T7: 20000 | U7: 80000 | V7: =U7-T7 -> 60000 | W7: 本部 | X7: 45171 | Y7: 45173 | Z7: ✕ | AA7: 不可 | AB7: 不可 | AC7: 無
A8: 4-1 | B8: 45170 | C8: =IF(B8="","",TEXT(B8,"aaa")) -> 金 | D8: 山田花子 | R8: コイントップ3.1g | S8: 1 | T8: 12500 | U8: 22500 | V8: =U8-T8 -> 10000 | W8: 本部 | X8: 45171 | Y8: 45173
A9: 4-2 | B9: 45170 | C9: =IF(B9="","",TEXT(B9,"aaa")) -> 金 | D9: 山田花子 | R9: ネックレス7.3g | S9: 1 | T9: 37500 | U9: 67500 | V9: =U9-T9 -> 30000 | W9: その他 | X9: 45171 | Y9: 45173
A10: 5 | B10: 45170 | C10: =IF(B10="","",TEXT(B10,"aaa")) -> 金 | D10: 山田花子 | Q10: 貴金属製品 | R10: K18 リング 3.2g D0.3ct | S10: 1 | T10: 15000 | U10: 30000 | V10: =U10-T10 -> 15000 | W10: 本部 | X10: 45171 | Y10: 45173
A11: 6 | B11: 45170 | C11: =IF(B11="","",TEXT(B11,"aaa")) -> 金 | D11: 高橋太郎 | E11: 19時以降 | F11: 店舗 | G11: 不成立 | H11: 高橋花子 | I11: 女性 | J11: 45 | K11: 一般 | M11: 045-222-2222 | N11: 神奈川県横浜市西区3-3-3 | O11: リピーター | Q11: ブランド時計 | R11: RX 16710 | S11: 1 | V11: =U11-T11 -> 0 | AD11: 家族と相談してから持ってくる
A12: 7 | B12: 45171 | C12: =IF(B12="","",TEXT(B12,"aaa")) -> 土 | D12: 山田太郎 | E12: 13時台 | F12: 店舗 | G12: 成立 | H12: 鈴木一郎 | I12: 男性 | J12: 55 | K12: 一般 | M12: 045-333-3333 | N12: 神奈川県横浜市西区4-4-4 | O12: HP(PC) | Q12: バラ切手 | R12: バラ切手 詳細別紙 | S12: 100 | T12: 100000 | U12: 300000 | V12: =U12-T12 -> 200000 | W12: 本部 | X12: 45171 | Z12: 〇 | AA12: 可 | AB12: 不可 | AC12: 有 | AD12: 9/3架電(不在)
A13: 8 | B13: 45171 | C13: =IF(B13="","",TEXT(B13,"aaa")) -> 土 | D13: 山田太郎 | Q13: ブランド時計 | R13: バシュロンコンスタンタン オーヴァーシーズ | S13: 1 | T13: 500000 | U13: 590000 | V13: =U13-T13 -> 90000 | W13: 本部 | X13: 45171 | Y13: 45173
A14: 9 | B14: 45172 | C14: =IF(B14="","",TEXT(B14,"aaa")) -> 日 | D14: 山田花子 | E14: 12時台 | F14: 店舗 | G14: 成立 | H14: 山田恵子 | I14: 女性 | J14: 67 | K14: 一般 | M14: 045-444-4444 | N14: 神奈川県横浜市西区5-5-5 | O14: ティッシュ | Q14: テレカ | R14: 50度テレカ | S14: 10 | T14: 3000 | U14: 10000 | V14: =U14-T14 -> 7000 | W14: 本部 | Z14: 〇 | AA14: 不可 | AB14: 可 | AC14: 有
A15: 10 | B15: 45172 | C15: =IF(B15="","",TEXT(B15,"aaa")) -> 日 | D15: 山田花子 | Q15: 金券 | R15: 百貨店共通券1,000円 | S15: 10 | T15: 5000 | U15: 7000 | V15: =U15-T15 -> 2000 | W15: 本部
A16: 11 | B16: 45172 | C16: =IF(B16="","",TEXT(B16,"aaa")) -> 日 | D16: 山田花子 | Q16: ブランド時計 | R16: オメガ スピードマスター | S16: 1 | T16: 200000 | U16: 500000 | V16: =U16-T16 -> 300000 | W16: 本部
A17: 12 | B17: 45172 | C17: =IF(B17="","",TEXT(B17,"aaa")) -> 日 | D17: 山田花子 | Q17: ブランドバッグ | R17: シャネルマトラッセ チェーンショルダー | S17: 1 | T17: 50000 | U17: 100000 | V17: =U17-T17 -> 50000 | W17: 本部
H19: ↓↓提出時↓↓(提出用ファイル作成必須)
B22: 加盟店報告用日計表 | E22: 45170 | H22: 店名 | I22: おたからや〇〇店
C23: 削除しないでください！ 計算式入り | H23: ※提出時は削除(原本削除注意) 【削除箇所を選ぶ→右クリック→数値と値のクリアで削除してください】 | V23: 削除しないでください！ 計算式入り
B24: すべての行に 入力してください | D24: すべての行に 入力してください | E24: お客様情報は１行のみに入力してください※複数行に同じ内容入力不可です | Q24: すべて詳細に入力してください | Z24: お客様情報は１行のみに入力してください※複数行に同じ内容入力不可です
A25: 1 | B25: 45170 | C25: =IF(B25="","",TEXT(B25,"aaa")) -> 金 | D25: 山田太郎 | E25: 15時台 | F25: 店舗 | G25: 成立 | I25: 男性 | J25: 50 | N25: 神奈川県横浜市西区1-1-1 | O25: 折込チラシ | P25: 朝日 | Q25: ブランドバッグ | R25: LV アルマ | S25: 1 | T25: 30000 | U25: 60000 | V25: =U25-T25 -> 30000 | W25: 本部 | X25: 45170 | Y25: 45172 | Z25: 〇 | AA25: 可 | AB25: 可 | AC25: 有 | AD25: 9/1DM発送
A26: 2 | B26: 45170 | C26: =IF(B26="","",TEXT(B26,"aaa")) -> 金 | D26: 山田太朗 | Q26: ブランド時計 | R26: RX デイトジャスト 16233 本体のみ | S26: 1 | T26: 490000 | U26: 700000 | V26: =U26-T26 -> 210000 | W26: 本部 | X26: 45170
A27: 3 | B27: 45170 | C27: =IF(B27="","",TEXT(B27,"aaa")) -> 金 | D27: 山田花子 | E27: 17時台 | F27: 出張 | G27: 成立 | I27: 女性 | J27: 33 | N27: 神奈川県横浜市西区2-2-2 | O27: テレビ(CM) | Q27: 貴金属製品 | R27: Pt900 リング 5.4g/ エメラルド3.12ct | S27: 1 | T27: 20000 | U27: 80000 | V27: =U27-T27 -> 60000 | W27: 本部 | X27: 45171 | Y27: 45173 | Z27: ✕ | AA27: 不可 | AB27: 不可 | AC27: 無
A28: 4-1 | B28: 45170 | C28: =IF(B28="","",TEXT(B28,"aaa")) -> 金 | D28: 山田花子 | R28: コイントップ3.1g | S28: 1 | T28: 12500 | U28: 22500 | V28: =U28-T28 -> 10000 | W28: 本部 | X28: 45171 | Y28: 45173
A29: 4-2 | B29: 45170 | C29: =IF(B29="","",TEXT(B29,"aaa")) -> 金 | D29: 山田花子 | R29: ネックレス7.3g | S29: 1 | T29: 37500 | U29: 67500 | V29: =U29-T29 -> 30000 | W29: その他 | X29: 45171 | Y29: 45173
A30: 5 | B30: 45170 | C30: =IF(B30="","",TEXT(B30,"aaa")) -> 金 | D30: 山田花子 | Q30: 貴金属製品 | R30: K18 リング 3.2g D0.3ct | S30: 1 | T30: 15000 | U30: 30000 | V30: =U30-T30 -> 15000 | W30: 本部 | X30: 45171 | Y30: 45173
A31: 6 | B31: 45170 | C31: =IF(B31="","",TEXT(B31,"aaa")) -> 金 | D31: 高橋太郎 | E31: 19時以降 | F31: 店舗 | G31: 不成立 | I31: 女性 | J31: 45 | N31: 神奈川県横浜市西区3-3-3 | O31: リピーター | Q31: ブランド時計 | R31: RX 16710 | S31: 1 | V31: =U31-T31 -> 0 | AD31: 家族と相談してから持ってくる
A32: 7 | B32: 45171 | C32: =IF(B32="","",TEXT(B32,"aaa")) -> 土 | D32: 山田太郎 | E32: 13時台 | F32: 店舗 | G32: 成立 | I32: 男性 | J32: 55 | N32: 神奈川県横浜市西区4-4-4 | O32: HP(PC) | Q32: バラ切手 | R32: バラ切手 詳細別紙 | S32: 100 | T32: 100000 | U32: 300000 | V32: =U32-T32 -> 200000 | W32: 本部 | X32: 45171 | Z32: 〇 | AA32: 可 | AB32: 不可 | AC32: 有 | AD32: 9/3架電(不在)
A33: 8 | B33: 45171 | C33: =IF(B33="","",TEXT(B33,"aaa")) -> 土 | D33: 山田太郎 | Q33: ブランド時計 | R33: バシュロンコンスタンタン オーヴァーシーズ | S33: 1 | T33: 500000 | U33: 590000 | V33: =U33-T33 -> 90000 | W33: 本部 | X33: 45171 | Y33: 45173
A34: 9 | B34: 45172 | C34: =IF(B34="","",TEXT(B34,"aaa")) -> 日 | D34: 山田花子 | E34: 12時台 | F34: 店舗 | G34: 成立 | I34: 女性 | J34: 67 | N34: 神奈川県横浜市西区5-5-5 | O34: ティッシュ | Q34: テレカ | R34: 50度テレカ | S34: 10 | T34: 3000 | U34: 10000 | V34: =U34-T34 -> 7000 | W34: 本部 | Z34: 〇 | AA34: 不可 | AB34: 可 | AC34: 有
A35: 10 | B35: 45172 | C35: =IF(B35="","",TEXT(B35,"aaa")) -> 日 | D35: 山田花子 | Q35: 金券 | R35: 百貨店共通券1,000円 | S35: 10 | T35: 5000 | U35: 7000 | V35: =U35-T35 -> 2000 | W35: 本部
A36: 11 | B36: 45172 | C36: =IF(B36="","",TEXT(B36,"aaa")) -> 日 | D36: 山田花子 | Q36: ブランド時計 | R36: オメガ スピードマスター | S36: 1 | T36: 200000 | U36: 500000 | V36: =U36-T36 -> 300000 | W36: 本部
A37: 12 | B37: 45172 | C37: =IF(B37="","",TEXT(B37,"aaa")) -> 日 | D37: 山田花子 | Q37: ブランドバッグ | R37: シャネルマトラッセ チェーンショルダー | S37: 1 | T37: 50000 | U37: 100000 | V37: =U37-T37 -> 50000 | W37: 本部
